Workbook
Name alm: #REF!
Name alm: #N/A
Name alm: #N/A
Name alm: #REF!
Name alm: #REF!
Name alm: #REF!
Name BETAO: 300
Name FURAÇÃO_JET: 80
Name p: #N/A
Name p: #N/A
Name p: #REF!
Name TRATAMENTO_JET: 250

Sheet Resumo 
A1: RESUMO
A4: DESCRIÇÃO | C4: TOTAL
C5: (MZN)
A6: 1 | B6: OBRAS GERAIS
A7: 1.1 | B7: MOBILIZAÇÃO E DESMOBILIZAÇÃO DO EMPREITEIRO | C7: =+'1'!F8 -> 0
A8: 1.2 | B8: TRABALHOS PRELIMINARES E DISPOSIÇÕES GERAIS | C8: =+'1'!F15 -> 0
A9: 1.3 | B9: PLACA DE SINALIZAÇÃO DE ACORDO COM OS DESENHOS | C9: =+'1'!F19 -> 0
A10: 1.4 | B10: DESENHOS, GEOREFERENCIAÇÃO E MANUAIS | C10: =+'1'!F23 -> 0
A11: 1.5 | B11: INSTALAÇÕES PARA O REPRESENTANTE DA FISCALIZAÇÃO E DO DONO DA OBRA | C11: =+'1'!F28 -> 0
A12: 1.6 | B12: MANUTENÇÃO DAS INSTALAÇÕES | C12: =+'1'!F31 -> 0
A13: 1.7 | B13: MARCAÇÃO DE FRENTES DE TRABALHO E DE SEGURANÇA | C13: =+'1'!F35 -> 0
A14: 1.8 | B14: TRABALHOS DE PREPARAÇÃO GERAL E ACOMPANHAMENTO DOS TRABALHOS | C14: =+'1'!F44 -> 0
A15: 1.9 | B15: QUALIDADE, SAÚDE, SEGURANÇA E AMBIENTE | C15: =+'1'!F52 -> 0
A16: 1.1 | B16: MÃO-DE-OBRA PARA ACRESCENTAR A EQUIPA DE ENGENHARIA | C16: =+'1'!F58 -> 0
B17: SUB-TOTAL | C17: =+SUM(C7:C16) -> 0
A18: 2 | B18: REDE DE DRENAGEM E CONTROLO DE EROSÃO
A19: 2.1 | B19: CHAMANCULO-A (Av. Trabalho, Rua 2333, Rua Estácio Dias, Rua 2253) | C19: ='2.1'!F221 -> 0
A20: 2.2 | B20: CHAMANCULO-B/D/Xipamanine (Rua da UFA) | C20: ='2.2'!F129 -> 0
A21: 2.3 | B21: CHAMANCULO-B/D/Xipamanine (Rua Marcelino dos Santos) | C21: ='2.3'!F44 -> 0
A22: 2.4 | B22: MALANGA MACRO (Av. do Trabalho, Rua 2019) | C22: ='2.4'!F103 -> 0
B23: SUB-TOTAL | C23: =+SUM(C19:C22) -> 0
A24: 3 | B24: REDE DE DISTRIBUIÇÃO DE ÁGUA
A25: 3.1 | B25: CHAMANCULO-A (Av. Trabalho, Rua 2333, Rua Estácio Dias, Rua 2253) | C25: ='3.1'!F204 -> 0
A26: 3.2 | B26: CHAMANCULO-B/D/Xipamanine (Rua da UFA, Rua Marcelino dos Santos) | C26: ='3.2'!F106 -> 0
A27: 3.3 | B27: MALANGA MACRO (Av. do Trabalho, Rua 2019) | C27: ='3.3'!F21 -> 0
B28: SUB-TOTAL | C28: =+SUM(C25:C27) -> 0
A29: 4 | B29: ESTRADAS E CAMINHOS
A30: 4.1 | B30: CHAMANCULO-A (Av. Trabalho, Rua 2333, Rua Estácio Dias, Rua 2253) | C30: =+'4.1'!F147 -> 0
A31: 4.2 | B31: CHAMANCULO-B (RUA DA UFA) | C31: ='4.2'!F145 -> 0
B32: SUB-TOTAL | C32: =+SUM(C30:C31) -> 0
A33: 5 | B33: ILUMINAÇÃO PÚBLICA
A34: 5.1 | B34: CHAMANCULO-A (Av. Trabalho, Rua 2333, Rua Estácio Dias, Rua 2253) | C34: ='5.1'!F21 -> 0
A35: 5.2 | B35: CHAMANCULO-B/D/Xipamanine (Rua da UFA, Rua Marcelino dos Santos) | C35: ='5.2'!F10 -> 0
B36: SUB-TOTAL | C36: =+SUM(C34:C35) -> 0
A37: 6 | B37: RECOLHA DE RESÍDUOS SÓLIDOS
A38: 6.1 | B38: CHAMANCULO-A (Av. Trabalho, Rua 2333, Rua Estácio Dias, Rua 2253) | C38: ='6.1a6.3'!F15 -> 0
A39: 6.2 | B39: CHAMANCULO-B/D/Xipamanine (Rua da UFA, Rua Marcelino dos Santos) | C39: ='6.1a6.3'!F19 -> 0
A40: 6.3 | B40: OBRAS COMPLEMENTARES NA RUA 2253 (BECÃO) PARA CONTROLO DA ENTRADA DE RESÍDUOS SÓLIDOS URBANOS NO SISTEMA DE DRENAGEM | C40: ='6.1a6.3'!F42 -> 0
B41: SUB-TOTAL | C41: =SUM(C38:C40) -> 0
A42: 7 | B42: VERBAS PROVISÓRIAS (10%)
A43: 7.1 | B43: IMPREVISTOS AO LONGO DA OBRA | C43: =+'7'!F8 -> 0
A44: 7.2 | B44: CUSTO DE AQUISIÇÃO DE EQUIPAMENTO DE SAÚDE E SEGURANÇA PARA O PESSOAL DO DONO DA OBRA E VISITANTES | C44: ='7'!F11 -> 0
A45: 7.3 | B45: PREVER UM MONTANTE PROVISÓRIO PARA DIVERSOS | C45: ='7'!F15 -> 0
B46: SUB-TOTAL | C46: =SUM(C43:C45) -> 0
B47: TOTAL | C47: =+C46+C41+C23+C17+C36+C32+C28 -> 0
B48: IVA (6,4%) | C48: =+C47*0.064 -> 0
B49: TOTAL COM IVA | C49: =+C48+C47 -> 0

Sheet 1
A1: DESCRIÇÃO | C1: UNIDADE | D1: QUANTIDADES | E1: PREÇO UNITARIO | F1: TOTAL
E2: (MZN) | F2: (MZN)
A3: 1 | B3: OBRAS GERAIS
B4: ObservaçõesTodos os trabalhos descritos neste Mapa de Quantidades deverão ser executados de acordo com os Desenhos e Especificações que fazem parte deste Projeto Detalhado, incluindo todos os trabalhos, materiais e acessórios necessários e complementares para a correta execução das tarefas.
A5: 1.1 | B5: MOBILIZAÇÃO E DESMOBILIZAÇÃO DO EMPREITEIRO
A6: 1.1.1 | B6: Mobilização do empreiteiro no local, incluindo a montagem de máquinas, equipamentos e instalações fixas, instalações, escritórios, locais de armazenamento, ligação de água e eletricidade, alojamento e todas as outras medidas necessárias para a execução dos trabalhos. | C6: LS | D6: 1 | F6: =D6*E6 -> 0
A7: 1.1.2 | B7: Desmobilização do empreiteiro após a conclusão dos trabalhos, incluindo a limpeza de todos os locais, a remoção de todos os equipamentos e instalações temporárias, a reposição de todos os locais utilizados, a reparação e todas as medidas necessárias a contento do Engenheiro. | C7: LS | D7: 1 | F7: =D7*E7 -> 0
B8: TOTAL DE 1.1 | F8: =SUM(F6:F7) -> 0
A9: 1.2 | B9: TRABALHOS PRELIMINARES E DISPOSIÇÕES GERAIS
A10: 1.2.1 | B10: Obrigações gerais do empreiteiro
A11: 1.2.1.1 | B11: Fornecimento de garantias de execução de acordo com a Cláusula 4.2 das Condições do Contrato G.C.C.. | C11: LS | D11: 1 | F11: =D11*E11 -> 0
A12: 1.2.1.2 | B12: Prestação de Garantia de Pagamento Antecipado de acordo com a Cláusula 14.2 das Condições do Contrato G.C.C.. | C12: LS | D12: 1 | F12: =D12*E12 -> 0
A13: 1.2.2 | B13: Seguros
A14: 1.2.2.1 | B14: Este item deve cobrir as despesas para manter todos os seguros devidos à Lei Nacional (Moçambique) e Normas Internacionais durante o período de obras e para DLP conforme necessário. Entre outros, os seguintes seguros devem ser mantidos válidos e o Empreiteiro deve enviar anualmente, por sua própria iniciativa, todos os 6 meses, o certificado de apólice de seguro válido (cópia) ao Dono da Obra e deve alterar e prolongar a apólice de seguro em tempo útil (G.C.C 19.2): - Seguro exigido para os Trabalhos; - Seguro exigido para os Bens; - Seguro necessário para a responsabilidade por incumprimento de deveres profissionais; - Seguro exigido em caso de responsabilidade por violação de deveres profissionais; Seguro exigido em caso de responsabilidade por adequação ao fim a que se destina; - Seguro exigido por danos pessoais e materiais; - Seguro exigido por danos a empregados; - Outros seguros exigidos pela legislação e pela prática local. | C14: LS | D14: 1 | F14: =D14*E14 -> 0
B15: TOTAL DE 1.2 | F15: =SUM(F11:F14) -> 0
A16: 1.3 | B16: PLACA DE SINALIZAÇÃO DE ACORDO COM OS DESENHOS
A17: 1.3.1 | B17: Fornecimento e instalação de placa de obra conforme desenhos fornecidos. A localização exata será indicada pelo Fiscal da Obra após aprovação pelo Dono da Obra. | C17: Un | D17: 1 | F17: =+D17*E17 -> 0
A18: 1.3.2 | B18: Remocao das Placas de Obra apos a conclusao da obra. | C18: Un | D18: 1 | F18: =+D18*E18 -> 0
B19: TOTAL DE 1.3 | F19: =+SUM(F17:F18) -> 0
A20: 1.4 | B20: DESENHOS, GEOREFERENCIAÇÃO E MANUAIS
A21: 1.4.1 | B21: Elaboração e apresentação de desenhos as-built, incluindo georreferenciação das tubagens, câmaras e acessórios associados. | C21: LS | D21: 1 | F21: =+D21*E21 -> 0
A22: 1.4.2 | B22: Elaboração e apresentação de manuais de operação e manutenção das infra-estruturas e equipamentos instalados, incluindo a formação de cinco técnicos credenciados, a designar pelo Dono de Obra, incluindo todos os trabalhos, materiais e acessórios necessários e complementares para a correta execução da tarefa. | C22: LS | D22: 1 | F22: =+D22*E22 -> 0
B23: TOTAL DE 1.4 | F23: =+SUM(F21:F22) -> 0
A24: 1.5 | B24: INSTALAÇÕES PARA O REPRESENTANTE DA FISCALIZAÇÃO E DO DONO DA OBRA
A25: 1.5.1 | B25: Fornecimento, montagem e instalação de módulo de escritório com largura mínima de 3,00m, para utilização como espaço de trabalho/escritório (8,25m x 3,00m), de acordo com o Caderno de Encargos. | C25: Un | D25: 2 | F25: =+D25*E25 -> 0
A26: 1.5.2 | B26: Fornecimento, construção e montagem de módulo de instalações sanitárias, conforme o Caderno de Encargos. | C26: Un | D26: 2 | F26: =+D26*E26 -> 0
A27: 1.5.3 | B27: Mobiliário para dois módulos de escritórios, conforme Caderno de Encargos. | C27: LS | D27: 1 | F27: =+D27*E27 -> 0
B28: TOTAL DE 1.5 | F28: =SUM(F25:F27) -> 0
A29: 1.6 | B29: MANUTENÇÃO DAS INSTALAÇÕES
A30: 1.6.1 | B30: Instalações de manutenção e serviços para o Empreiteiro, incluindo custos de mão de obra, custos de consumo de água, eletricidade e telefone e todas as obras, segurança, materiais e acessórios necessários e complementares para a correta execução das tarefas, durante a duração do Contrato, conforme especificado no Caderno de Encargos, incluindo a manutenção das instalações do escritório para o Engenheiro. | C30: mês | D30: 18 | F30: =+D30*E30 -> 0
B31: TOTAL DE 1.6 | F31: =+F30 -> 0
A32: 1.7 | B32: MARCAÇÃO DE FRENTES DE TRABALHO E DE SEGURANÇA
A33: 1.7.1 | B33: Execução e melhoria das vias de trabalho do estaleiro, acessos para o tráfego de máquinas, frentes de trabalho, marcações completas, fornecimento, montagem e manutenção, incluindo as marcações rodoviárias e de segurança. | C33: LS | D33: 1 | F33: =+D33*E33 -> 0
A34: 1.7.2 | B34: Execução e implementação do Plano de Desvios de Tráfego e Pedestres, incluindo o desvio e alteração da circulação do tráfego na zona de interferência dos trabalhos, de acordo com o Plano de Trabalhos apresentado pelo Empreiteiro, a submeter à aprovação do Dono de Obra / Fiscalização e de todas as Autoridades Licenciadoras. | C34: LS | D34: 1 | F34: =+D34*E34 -> 0
B35: TOTAL DE 1.7 | F35: =+SUM(F33:F34) -> 0
A36: 1.8 | B36: TRABALHOS DE PREPARAÇÃO GERAL E ACOMPANHAMENTO DOS TRABALHOS
A37: 1.8.1 | B37: Fornecimento e montagem de laboratório, equipado para a execução de ensaios de controlo de qualidade de solos, agregados, betões, betuminosos e tubagens, nas condições indicadas no Caderno de Encargos, incluindo materiais de consumo para ensaios e todos os trabalhos, materiais e acessórios necessários e complementares para a correta execução da tarefa. | C37: LS | D37: 1 | F37: =+D37*E37 -> 0
A38: 1.8.2 | B38: Testes de acompanhamento da execução da obra de acordo com o Caderno de Encargos. | C38: LS | D38: 1 | F38: =+D38*E38 -> 0
A39: 1.8.3 | B39: Trabalhos de limpeza e desinfeção de condutas antes do arranque da empreitada de acordo com o Caderno de Encargos. | C39: LS | D39: 1 | F39: =+D39*E39 -> 0
A40: 1.8.4 | B40: Desenvolvimento e acompanhamento do processo de Qualidade e Ambiente da obra. | C40: LS | D40: 1 | F40: =+D40*E40 -> 0
A41: 1.8.5 | B41: Execução de um levantamento topográfico e cadastral completo para confirmação das caraterísticas topográficas do local da obra em causa e das infra-estruturas de interesse para a Obra, ligado à rede Geodésica Nacional, incluindo todos os trabalhos, materiais e acessórios necessários e complementares para a correta execução da tarefa. | C41: LS | D41: 1 | F41: =+D41*E41 -> 0
A42: 1.8.6 | B42: Trabalhos temporários necessários para assegurar o funcionamento contínuo da rede de drenagem de águas pluviais e residuais, da rede de distribuição e abastecimento de água e de todos os serviços afectados durante a construção. | C42: LS | D42: 1 | F42: =+D42*E42 -> 0
A43: 1.8.7 | B43: Elaboração da Compilação Técnica. | C43: LS | D43: 1 | F43: =+D43*E43 -> 0
B44: TOTAL DE 1.8 | F44: =+SUM(F37:F43) -> 0
A45: 1.9 | B45: QUALIDADE, COMUNICAÇÃO, COMUNIDADE, SAÚDE, SEGURANÇA E AMBIENTE
A46: 1.9.1 | B46: Elaboracao e implementacao do Plano de Gestão Ambiental e social do Empreiteiros - Monitoramento de poeiras e emissões; mitigação com aspersão de água e cobertura de cargas; Medição de ruído; definição de horários e uso de equipamentos silenciosos; Gestão de resíduos: separação, transporte e destino final licenciado; Educação ambiental: capacitações e campanhas de sensibilização; Procedimentos para achados fortuitos; Montagem e gestão ambiental do estaleiro. | C46: VG | D46: 1 | F46: =D46*E46 -> 0
A47: 1.9.2 | B47: Implementacao do Plano de Saúde e Segurança Ocupacional (PGSSO)- Avaliação de riscos, fornecimento e uso de EPIs, sinalização e formações em segurança. tendo em conta os equipamentos e a metodologia de construção a utilizar em obra, para que o Dono de Obra autorize a abertura do estaleiro e Preparação e realização de acções de sensibilização e consciencialização, para a sensibilização para a saúde e segurança no trabalho | C47: VG | D47: 1 | F47: =D47*E47 -> 0
A48: 1.9.3 | B48: Implementacao do Plano de Proteção aos trabalahdores e Comunidade - Realização de campanhas de sensibilização para a promoção da saúde dos trabalhadores e da sociedade em geral, com particular destaque para o VIH/SIDA e as DST, incentivar a utilização de equipamentos de proteção adequados e boas práticas sanitárias de acordo com o Plano para o VIH e legislação aplicável, durante a execução do contrato.- Plano de resposta a emergências (incêndios, acidentes, derrames). | C48: VG | D48: 1 | F48: =D48*E48 -> 0
A49: 1.9.4 | B49: Promoção de mão de obra local; mitigação de impactos sobre e Condições de trabalho formais, códigos de conduta, Assistência médica aos trabalhadores infectados com VIH/SIDA, incluindo o fornecimento de medicação de acordo com o disposto na legislação aplicável, durante a execução da empreitada. | C49: VG | D49: 1 | F49: =D49*E49 -> 0
A50: 1.9.5 | B50: Implementacao do Programa de Comunicação e Divulgação - Cartazes, folhetos, anuncio sobre inicio de actividades e interrupcao de vias reuniões com comunidades. Sensibilização em saúde, segurança e prevenção de VIH/SIDA, Implementação do Mecanismo de Reclamação (MDR). | C50: VG | D50: 1 | F50: =D50*E50 -> 0
A51: 1.9.6 | B51: Implementacao do Plano de Segurança Rodoviária e Tráfego compreende instalação de sinalização temporária de obras, incluindo placas de advertência e orientação em todos os acessos e zonas de intervenção; colocação de barreiras físicas de proteção onde necessário para separar áreas de tráfego e frentes de trabalho; implementação de pontos de controlo de velocidade com lombas temporárias e/ou sinalização vertical com limites visíveis; contratação e presença diária de sinaleiros treinados para coordenar o fluxo de veículos e garantir a travessia segura de peões nas áreas críticas; manutenção periódica da sinalização e reposição imediata de equipamentos danificados | C51: VG | D51: 1 | F51: =D51*E51 -> 0
B52: TOTAL DE 1.9 | F52: =SUM(F46:F51) -> 0
A53: 1.10 | B53: MÃO-DE-OBRA PARA ACRESCENTAR A EQUIPA DE ENGENHARIA
A54: 1.10.1 | B54: Técnico de Ambiente, com uma afetação de 100%, para acompanhamento do Programa de Gestão Ambiental. | C54: Dia | D54: 75 | F54: =D54*E54 -> 0
A55: 1.10.2 | B55: Técnico de Segurança e Saúde no Trabalho, com uma afetação de 100%, para acompanhamento do Plano de Segurança e Saúde. | C55: Dia | D55: 75 | F55: =D55*E55 -> 0
A56: 1.10.3 | B56: Para a interação com as populações, um acompanhamento Sociólogo/Técnico Social, com uma dotação de 100%. | C56: Dia | D56: 75 | F56: =D56*E56 -> 0
A57: 1.10.4 | B57: Para a interação com os trabalhadores, um acompanhamento de um Técnico de Saúde, com uma dotação de 100%. | C57: Dia | D57: 75 | F57: =D57*E57 -> 0
B58: TOTAL DE 1.10 | F58: =SUM(F54:F57) -> 0
B59: TOTAL DE 1 | F59: =+F58+F52+F44+F35+F31+F28+F23+F19+F15+F8 -> 0

Sheet 2.1
A1: DESCRIÇÃO | C1: UNIDADE | D1: QUANTIDADES | E1: PREÇO UNITARIO | F1: TOTAL
E2: (MZN) | F2: (MZN)
A3: 2 | B3: REDE DE DRENAGEM E CONTROLO DE EROSÃO
A4: 2.1 | B4: CHAMANCULO-A (Av. Trabalho, Rua 2333, Rua Estácio Dias, Rua 2253)
B5: ObservaçõesTodos os trabalhos descritos neste Mapa de Quantidades deverão ser executados de acordo com os Desenhos e Especificações que fazem parte deste Projeto Detalhado, incluindo todos os trabalhos, materiais e acessórios necessários e complementares para a correta execução das tarefas.
A6: 2.1.1 | B6: Rede Unitária
A7: 2.1.1.1 | B7: Remoção e substituição de pavimentos
A8: 2.1.1.1.1 | B8: Pavimento em terra batida
A9: 2.1.1.1.1.1 | B9: Levantamento e reposição do pavimento de terra batida nas condições existentes, na largura da vala, com 0,15m de espessura após compactação, incluindo espalhamento, regularização, rega e compactação em camadas de 0,15m de espessura, incluindo substituição da camada de fundação, e todos os trabalhos acessórios e transporte para aterro licenciado, até 30 km de distância. | C9: m2 | D9: 1101.319 | F9: =D9*E9 -> 0
A10: 2.1.1.1.2 | B10: Pavimentação em blocos de betão
A11: 2.1.1.1.2.1 | B11: Remoção de pavimento em blocos de betão para abertura de vala, considerando uma sobrelargura de 0,25m para cada lado da vala, incluindo lancis intersectados, seleção e transporte para armazenamento temporário dos materiais utilizáveis para posterior utilização e/ou transporte a destino final, até 30 km de distância, compatível com as exigências legais dos materiais sobrantes, e todos os trabalhos, materiais e acessórios necessários e complementares à correta execução da tarefa. | C11: m2 | D11: 702.6382 | F11: =D11*E11 -> 0
A12: 2.1.1.1.2.2 | B12: Execução de uma camada para assentamento dos blocos de betão, com 0,06m de espessura, no traço de 1/6 de cimento e brita ou pó de pedra, incluindo espalhamento, regularização e todos os trabalhos, materiais e acessórios necessários e complementares para a correta execução da tarefa. | C12: m2 | D12: 702.6382 | F12: =D12*E12 -> 0
A13: 2.1.1.1.2.3 | B13: Assentamento de blocos de betão para reposição do pavimento no estado em que se encontra, com juntas de separação entre 2 e 3 mm de espessura, incluindo enchimento das juntas com areia fina, seca e natural com granulometria entre 0 e 2 mm, assentamento de lancis interceptados, fornecimento de todos os materiais para substituição do inutilizado e todos os trabalhos, materiais e acessórios necessários e complementares para a correta execução da tarefa. | C13: m2 | D13: 702.6382 | F13: =D13*E13 -> 0
A14: 2.1.1.1.3 | B14: Pavimento em betão betuminoso
A15: 2.1.1.1.3.1 | B15: Remoção de pavimento betuminoso para abertura de vala, com corte e arranque em toda a largura da vala e uma faixa adicional de 0,25m de cada lado do topo da vala, incluindo remoção, carga, transporte e descarga dos produtos sobrantes para aterro licenciado, até 30 km de distância, e todos os trabalhos, materiais e meios necessários e complementares | C15: m2 | D15: 328.99094 | F15: =D15*E15 -> 0
A16: 2.1.1.1.3.2 | B16: Fornecimento e aplicação de tout-venant (0/40 mm) para a execução da camada de base do pavimento, com espessura igual à existente com um mínimo de 0,30m | C16: m3 | D16: 80.247282 | F16: =D16*E16 -> 0
A17: 2.1.1.1.3.3 | B17: Fornecimento e aplicação de tout-venant (0/60 mm) para execução da camada de base do pavimento, com espessura igual à existente, com um mínimo de 0,30m | C17: m3 | D17: 80.247282 | F17: =D17*E17 -> 0
A18: 2.1.1.1.3.4 | B18: Substituição de pavimento betuminoso com preparação, nivelamento e compactação da caixa de pavimento, em toda a largura da vala e uma faixa adicional de 0,25m de cada lado do topo da vala; rega de impregnação; execução de pavimento betuminoso, incluindo todos os trabalhos complementares de substituição das camadas de regularização em betão betuminoso (Binder), com espessura igual à existente com um mínimo de 0.05m (após compactação); rega de ligação; camada de desgaste em betão betuminoso a quente com agregado de basalto, com espessura igual à existente com um mínimo de 0,04m (após compactação); substituição de guias, carris, sinalização vertical e horizontal, pintura; e todos os trabalhos, materiais e meios necessários e complementares | C18: m2 | D18: 328.99094 | F18: =D18*E18 -> 0
B19: Total de 2.1.1.1 | F19: =SUM(F9:F18) -> 0
A20: 2.1.1.2 | B20: Terraplanagens
A21: 2.1.1.2.1 | B21: Escavação de qualquer tipo de solo, com recurso a ferramentas e equipamentos mecânicos adequados, incluindo larguras adicionais, demolição (incluindo remoção de tubagens existentes, demolição e aterro de câmaras existentes para descomissionamento), rebaixamento de lençol freático se necessário, contenção e suporte necessários à perfeita estabilização das valas, escavações, taludes e edifícios vizinhos, reparação e relocalização de infra-estruturas subterrâneas existentes interceptadas, remoção de tubagem existente, compactação mecânica do solo da fundação a um mínimo de 95% do ensaio Proctor modificado (CBR≥5%), e todos os trabalhos, materiais e acessórios necessários e complementares para a correta execução da tarefa.
A22: 2.1.1.2.1.1 | B22: Escavação em areia ou solo mole
A23: 2.1.1.2.1.1.1 | B23: Profundidade 0,00 ≤ H < 1,00 | C23: m3 | D23: 1739.7658 | F23: =D23*E23 -> 0
A24: 2.1.1.2.1.1.2 | B24: Profundidade 1,00 ≤ H < 2,00 | C24: m3 | D24: 1701.1044 | F24: =D24*E24 -> 0
A25: 2.1.1.2.1.1.3 | B25: Profundidade 2,00 ≤ H < 3,00 | C25: m3 | D25: 1550.7482 | F25: =D25*E25 -> 0
A26: 2.1.1.2.1.1.4 | B26: Profundidade 3,00 ≤ H < 4,00 | C26: m3 | D26: 617.92275 | F26: =D26*E26 -> 0
A27: 2.1.1.2.1.1.5 | B27: Profundidade 4,00 ≤ H < 5,00 | C27: m3 | D27: 102.26782 | F27: =D27*E27 -> 0
A28: 2.1.1.2.1.2 | B28: Escavação em rocha ou solo duro
A29: 2.1.1.2.1.2.1 | B29: Profundidade 0,00 ≤ H < 1,00 | C29: m3 | D29: 193.30731 | F29: =D29*E29 -> 0
A30: 2.1.1.2.1.2.2 | B30: Profundidade 1,00 ≤ H < 2,00 | C30: m3 | D30: 231.96878 | F30: =D30*E30 -> 0
A31: 2.1.1.2.1.2.3 | B31: Profundidade 2,00 ≤ H < 3,00 | C31: m3 | D31: 252.44738 | F31: =D31*E31 -> 0
A32: 2.1.1.2.1.2.4 | B32: Profundidade 3,00 ≤ H < 4,00 | C32: m3 | D32: 117.69957 | F32: =D32*E32 -> 0
A33: 2.1.1.2.1.2.5 | B33: Profundidade 4,00 ≤ H < 5,00 | C33: m3 | D33: 22.449033 | F33: =D33*E33 -> 0
A34: 2.1.1.2.2 | B34: Fornecimento e aplicação de areia ou brita para regularização da vala e do leito de assentamento da tubagem, incluindo rega e compactação a 95% do ensaio Proctor Modificado e todos os trabalhos e materiais necessários e complementares. | C34: m3 | D34: 292.5411 | F34: =D34*E34 -> 0
A35: 2.1.1.2.3 | B35: Fornecimento e aplicação de areia ou brita, para reaterro da camada de proteção, incluindo baldeação e compactação até atingir 95% de compactação do ensaio Proctor Modificado, com recurso a equipamento que não danifique a tubagem, aplicada sobre a cama de assentamento até 0,30m acima da cota exterior superior da tubagem. | C35: m3 | D35: 2003.7416 | F35: =D35*E35 -> 0
A36: 2.1.1.2.4 | B36: Execução de aterro até às cotas de projeto, regado e compactado em camadas de 0,20m de espessura, com materiais selecionados provenientes de escavação local ou de aterro importado, incluindo regularização e estabilização de taludes, compactação mecânica da fundação a um mínimo de 95% do ensaio Proctor modificado (CBR≥5%), e todos os trabalhos, materiais e acessórios necessários e complementares à correta execução da tarefa. | C36: m3 | D36: 2472.2033 | F36: =D36*E36 -> 0
A37: 2.1.1.2.5 | B37: Carga, transporte e descarga em destino final, até 30 km de distância, compatível com as exigências legais dos restantes materiais de escavação, incluindo todos os trabalhos, materiais e acessórios necessários e complementares à correta execução da tarefa. | C37: m3 | D37: 4057.4778 | F37: =D37*E37 -> 0
B38: Total de 2.1.1.2 | F38: =SUM(F23:F37) -> 0
A39: 2.1.1.3 | B39: Tubagens e acessórios
A40: 2.1.1.3.1 | B40: Fornecimento, assentamento e ensaio de tubos de betão armado, para drenagem de superfície livre, incluindo proteção anticorrosiva interior constituída por três demãos de tinta à base de resina epoxi e óleo de antraceno, de acordo com as especificações técnicas, juntas de borracha, e todos os trabalhos necessários
A41: 2.1.1.3.1.1 | B41: DN500, classe III e carga de rutura de 49 kN/m | C41: m | D41: 21.53 | F41: =D41*E41 -> 0
A42: 2.1.1.3.1.2 | B42: DN800, classe II e carga de rotura de 59 kN/m | C42: m | D42: 7.43 | F42: =D42*E42 -> 0
A43: 2.1.1.3.1.3 | B43: DN1200, classe II e carga de rutura de 88 kN/m | C43: m | D43: 196.3 | F43: =D43*E43 -> 0
A44: 2.1.1.3.1.4 | B44: DN1200, classe III e carga de rotura de 118 kN/m | C44: m | D44: 158.48 | F44: =D44*E44 -> 0
A45: 2.1.1.3.1.5 | B45: DN1400, classe II e 103 kN/m de carga de rotura | C45: m | D45: 452.13 | F45: =D45*E45 -> 0
A46: 2.1.1.3.2 | B46: Fornecimento e aplicação de betão C30/37 com adição de fibras de polipropileno (0,6 kg/m³), incluindo cofragem, escoramento e juntas de betão para proteção das tubagens, de acordo com o desenho de pormenor | C46: m3 | D46: 5.3873844 | F46: =D46*E46 -> 0
A47: 2.1.1.3.3 | B47: Fornecimento e colocação de fita de polietileno para sinalização de tubos, conforme descrito nos desenhos. | C47: m | D47: 835.87 | F47: =D47*E47 -> 0
B48: Total de 2.1.1.3 | F48: =SUM(F41:F47) -> 0
A49: 2.1.1.4 | B49: Câmaras de visita
A50: 2.1.1.4.1 | B50: Construção civil completa de caixa de visita para tubos de drenagem circulares de ND≤600mm, de acordo com o Desenho DE-03.1, incluindo terraplenagens (escavação, aterro e compactação, consoante o tipo de vala e transporte para local de descarga licenciado, até 30 km de distância, de todos os materiais remanescentes), rebaixamento de lençol freático se necessário, degraus, patamares quando h>5.00m, juntas de neoprene entre anéis e tampa, tampa em ferro fundido com entrada Ø 600 mm, classe D400, NP EN 124, revestimento em resina epoxi das paredes interiores e impermeabilização exterior da parede enterrada com revestimento em emulsão betuminosa aplicada com duas camadas cruzadas, e todos os trabalhos e materiais necessários e complementares para a correta execução da tarefa.
A51: 2.1.1.4.1.1 | B51: Diâmetro interno de 1,25 m e profundidades de invert de 2,50 < h ≤ 3,00 m. | C51: Un | D51: 2 | F51: =D51*E51 -> 0
A52: 2.1.1.4.2 | B52: Construção civil completa de caixa de visita para tubos de drenagem circulares com ND>600mm, em betão C35/45 armado com aço S500NR de acordo com os Desenhos DE-03.2, incluindo trabalhos de terraplenagem (escavação, aterro e compactação, consoante o tipo de vala e transporte para local de descarga licenciado, até 30 km de distância, de todos os materiais remanescentes), rebaixamento de lençol freático se necessário, degraus, guarda-corpo e patamar quando h>5.00m, juntas de neoprene entre anéis e tampa, tampa em ferro fundido com entrada Ø 600 mm, classe D400, NP EN 124, revestimento em resina epoxi das paredes interiores e impermeabilização exterior da parede enterrada com revestimento em emulsão betuminosa aplicada com duas camadas cruzadas, e todos os trabalhos e materiais necessários e complementares para a correta execução da tarefa.
A53: 2.1.1.4.2.1 | B53: Câmaras de visita com 1 entrada e 1 saída
A54: 2.1.1.4.2.1.1 | B54: CV04 | 3,50 < Profundidade à soleira ≤ 4,00 m | C54: Un | D54: 1 | F54: =D54*E54 -> 0
A55: 2.1.1.4.2.1.2 | B55: CV05 | 4.00 < Profundidade à soleira ≤ 4.50 m | C55: Un | D55: 1 | F55: =D55*E55 -> 0
A56: 2.1.1.4.2.1.3 | B56: CV06 | 4.50 < Profundidade à soleira ≤ 5.00 m | C56: Un | D56: 1 | F56: =D56*E56 -> 0
A57: 2.1.1.4.2.1.4 | B57: CV07 | 3.00 < Profundidade à soleira ≤ 3.50 m | C57: Un | D57: 1 | F57: =D57*E57 -> 0
A58: 2.1.1.4.2.1.5 | B58: CV09 | 2.00 < Profundidade à soleira ≤ 2.50 m | C58: Un | D58: 1 | F58: =D58*E58 -> 0
A59: 2.1.1.4.2.1.6 | B59: CV10 | 2.00 < Profundidade à soleira ≤ 2.50 m | C59: Un | D59: 1 | F59: =D59*E59 -> 0
A60: 2.1.1.4.2.1.7 | B60: CV11 | 2.50 < Profundidade à soleira ≤ 3.00 m | C60: Un | D60: 1 | F60: =D60*E60 -> 0
A61: 2.1.1.4.2.1.8 | B61: CV12 | 2,50 < Profundidade a soleira ≤ 3,00 m | C61: Un | D61: 1 | F61: =D61*E61 -> 0
A62: 2.1.1.4.2.1.9 | B62: CV13 | 3.00 < Profundidade à soleira ≤ 3.50 m | C62: Un | D62: 1 | F62: =D62*E62 -> 0
A63: 2.1.1.4.2.1.10 | B63: CV14 | 3.00 < Profundidade à soleira ≤ 3.50 m | C63: Un | D63: 1 | F63: =D63*E63 -> 0
A64: 2.1.1.4.2.1.11 | B64: CV15 | 3.00 < Profundidade à soleira ≤ 3.50 m | C64: Un | D64: 1 | F64: =D64*E64 -> 0
A65: 2.1.1.4.2.1.12 | B65: CV16 | 3.00 < Profundidade à soleira ≤ 3.50 m | C65: Un | D65: 1 | F65: =D65*E65 -> 0
... A70: 2.1.1.4.2.1.17 | B70: CV22 | 2,50 < Profundidade à soleira ≤ 3,00 m | C70: Un | D70: 1 | F70: =D70*E70 -> 0
A71: 2.1.1.4.2.1.18 | B71: CV23 | 3.50 < Profundidade à soleira ≤ 4.00 m | C71: Un | D71: 1 | F71: 0
A72: 2.1.1.4.2.1.19 | B72: CV25 | 2.00 < Profundidade à soleira ≤ 2.50 m | C72: Un | D72: 1 | F72: =D72*E72 -> 0
A73: 2.1.1.4.2.2 | B73: Câmaras de visita com 2 entradas e 1 saída
A74: 2.1.1.4.2.2.1 | B74: CV03 | 3.00 < Profundidade à soleira ≤ 3.50 m | C74: Un | D74: 1 | F74: 0
A75: 2.1.1.4.2.2.2 | B75: CV08 | 2.50 < Profundidade à soleira ≤ 3.00 m | C75: Un | D75: 1 | F75: =D75*E75 -> 0
A76: 2.1.1.4.2.2.3 | B76: CV21 | 2,50 < Profundidade à soleira ≤ 3,00 m | C76: Un | D76: 1 | F76: =D76*E76 -> 0
B77: Total de 2.1.1.4 | F77: =SUM(F51:F76) -> 0
A78: 2.1.1.5 | B78: Dispositivos de interceção de escoamento superficial
A79: 2.1.1.5.1 | B79: Construção civil completa de Canal de Drenagem, de acordo com o Desenho DE-07 e Regulamento e Caderno de Encargos da CM Maputo, em betão armado, incluindo cobertura e caixilharia de grelha metálica com sistema antirroubo, impermeabilização exterior dos muros enterrados com revestimento de emulsão betuminosa aplicada com duas camadas cruzadas, ramal de ligação à rede de drenagem em betão armado pré-fabricado, com um comprimento médio de 10,0 m, e todos os trabalhos e materiais necessários e complementares, com as seguintes dimensões:
A80: 2.1.1.5.1.1 | B80: Comprimento do canal de 5,0 m e largura de 0,70m (CV03) - Ramal ND 500 | C80: Un | D80: 1 | F80: =D80*E80 -> 0
A81: 2.1.1.5.1.2 | B81: Comprimento do canal de 6,0 m e 0,70m de largura (CV08, CV11) - Ramal ND 400 | C81: Un | D81: 2 | F81: =D81*E81 -> 0
A82: 2.1.1.5.2 | B82: Construção civil completa de Sistema Combinado de Drenagem de Caleira e Sumidouro em Grelha, de acordo com o Desenho DE-06 e o Regulamento e Caderno de Encargos da CM Maputo, em betão armado, incluindo grelhas metálicas verticais e horizontais, tampa da caleira pré-fabricada em betão armado, e impermeabilização exterior dos muros enterrados com revestimento de emulsão betuminosa aplicada com duas camadas cruzadas, ramal de ligação à rede de drenagem em betão armado pré-fabricado, com um comprimento médio de 10,0 m, e todos os trabalhos e materiais necessários e complementares, com as seguintes dimensões
A83: 2.1.1.5.2.1 | B83: Na berma da estrada ou numa vala:
A84: 2.1.1.5.2.1.1 | B84: Tipo II - Duplo Dreno - ramal ND300 | C84: Un | D84: 8 | F84: =D84*E84 -> 0
A85: 2.1.1.5.2.1.2 | B85: Tipo III - Dreno Triplo - Ramal ND400 | C85: Un | D85: 11 | F85: =D85*E85 -> 0
B86: Total de 2.1.1.5 | F86: =SUM(F80:F85) -> 0
A87: 2.1.1.6 | B87: Outros
A88: 2.1.1.6.1 | B88: Execução de sondagens de prospeção não destrutivas para localização e registo da conduta de transporte existente ND 800 em tubo de fibrocimento, a realizar antes do início dos trabalhos de implantação da rede unitária de drenagem de águas residuais, se considerado necessário. Eventuais reparações na conduta de transporte resultantes dos ensaios de prospeção, e/ou ajustamentos ao projeto da rede unitária de drenagem para minimizar conflitos de infra-estruturas, serão efectuados conforme necessário (Ponto 8.1).
A89: 2.1.1.6.1.1 | B89: Sondagens prospectivas na Rua Estácio Dias, entre CV03 e CV09, igualmente espaçadas | C89: Un | D89: 5 | F89: =D89*E89 -> 0
A90: 2.1.1.6.1.2 | B90: Sondagens prospectivas na Rua Marcelino dos Santos, entre CV13 e CV14 | C90: Un | D90: 1 | F90: =D90*E90 -> 0
A91: 2.1.1.6.1.3 | B91: Sondagens prospectivas na Av. do Trabalho, entre CV23 e CV01, e entre CV26 e CV27 | C91: Un | D91: 2 | F91: =D91*E91 -> 0
B92: Total de 2.1.1.6 | F92: =SUM(F89:F91) -> 0
B93: Total de 2.1.1 | F93: =F92+F86+F77+F48+F38+F19 -> 0
A94: 2.1.2 | B94: Vala de drenagem
A95: 2.1.2.1 | B95: Terraplanagens
A96: 2.1.2.1.1 | B96: Escavação de qualquer tipo de solo, com recurso a ferramentas e equipamentos mecânicos adequados, incluindo larguras adicionais, demolição (incluindo remoção de tubagens existentes, demolição e aterro de câmaras existentes para descomissionamento), rebaixamento de lençol freático se necessário, contenção e suporte necessários à perfeita estabilização das valas, escavações, taludes e edifícios vizinhos, reparação e relocalização de infra-estruturas subterrâneas existentes interceptadas, remoção de tubagem existente, compactação mecânica do solo da fundação a um mínimo de 95% do ensaio Proctor modificado (CBR≥5%), e todos os trabalhos, materiais e acessórios necessários e complementares para a correta execução da tarefa.
A97: 2.1.2.1.1.1 | B97: Escavação em areia ou solo macio
A98: 2.1.2.1.1.1.1 | B98: Profundidade 0,00 ≤ H < 1,00 | C98: m3 | D98: 73.608081 | F98: =D98*E98 -> 0
A99: 2.1.2.1.1.1.2 | B99: Profundidade 1,00 ≤ H < 2,00 | C99: m3 | D99: 1.7753136 | F99: =D99*E99 -> 0
A100: 2.1.2.1.1.2 | B100: Escavação em rocha ou solo duro
A101: 2.1.2.1.1.2.1 | B101: Profundidade 0,00 ≤ H < 1,00 | C101: m3 | D101: 8.1786757 | F101: =D101*E101 -> 0
A102: 2.1.2.1.1.2.2 | B102: Profundidade 1,00 ≤ H < 2,00 | C102: m3 | D102: 0.24208821 | F102: =D102*E102 -> 0
A103: 2.1.2.1.2 | B103: Fornecimento e aplicação de betão de limpeza classe C12/15, numa camada de 0,10 m | C103: m2 | D103: 99.8921 | F103: =D103*E103 -> 0
A104: 2.1.2.1.3 | B104: Carga, transporte e descarga em destino final, até 30 km de distância, compatível com as exigências legais dos restantes materiais de escavação, incluindo todos os trabalhos, materiais e acessórios necessários e complementares à correta execução da tarefa. | C104: m3 | D104: 83.804159 | F104: =D104*E104 -> 0
...

Sheet 2.2
A1: DESCRIÇÃO | C1: UNIDADE | D1: QUANTIDADES | E1: PREÇO UNITARIO | F1: TOTAL
E2: (MZN) | F2: (MZN)
A3: 2 | B3: REDE DE DRENAGEM E CONTROLO DE EROSÃO
A4: 2.2 | B4: CHAMANCULO-B/D/Xipamanine (Rua da UFA)
B5: ObservaçõesTodos os trabalhos descritos neste Mapa de Quantidades deverão ser executados de acordo com os Desenhos e Especificações que fazem parte deste Projeto Detalhado, incluindo todos os trabalhos, materiais e acessórios necessários e complementares para a correta execução das tarefas.
A6: 2.2.1 | B6: Vala de drenagem
A7: 2.2.1.1 | B7: Terraplanagens
A8: 2.2.1.1.1 | B8: Escavação de qualquer tipo de solo, com recurso a ferramentas e equipamentos mecânicos adequados, incluindo larguras adicionais, demolição (incluindo remoção de tubagens existentes, demolição e aterro de câmaras existentes para descomissionamento), rebaixamento de lençol freático se necessário, contenção e suporte necessários à perfeita estabilização das valas, escavações, taludes e edifícios vizinhos, reparação e relocalização de infra-estruturas subterrâneas existentes interceptadas, remoção de tubagem existente, compactação mecânica do solo da fundação a um mínimo de 95% do ensaio Proctor modificado (CBR≥5%), e todos os trabalhos, materiais e acessórios necessários e complementares para a correta execução da tarefa.
A9: 2.2.1.1.1.1 | B9: Escavação em areia ou solo mole
A10: 2.2.1.1.1.1.1 | B10: Profundidade 0,00 ≤ H < 1,00 | C10: m3 | D10: 1036.9379 | F10: =D10*E10 -> 0
A11: 2.2.1.1.1.1.2 | B11: Profundidade 1,00 ≤ H < 2,00 | C11: m3 | D11: 909.92148 | F11: =D11*E11 -> 0
A12: 2.2.1.1.1.1.3 | B12: Profundidade 2,00 ≤ H < 3,00 | C12: m3 | D12: 422.10833 | F12: =D12*E12 -> 0
A13: 2.2.1.1.1.1.4 | B13: Profundidade 3,00 ≤ H < 4,00 | C13: m3 | D13: 0.07970641 | F13: =D13*E13 -> 0
A14: 2.2.1.1.1.2 | B14: Escavação em rocha ou solo duro
A15: 2.2.1.1.1.2.1 | B15: Profundidade 0,00 ≤ H < 1,00 | C15: m3 | D15: 115.21532 | F15: =D15*E15 -> 0
A16: 2.2.1.1.1.2.2 | B16: Profundidade 1,00 ≤ H < 2,00 | C16: m3 | D16: 124.0802 | F16: =D16*E16 -> 0
A17: 2.2.1.1.1.2.3 | B17: Profundidade 2,00 ≤ H < 3,00 | C17: m3 | D17: 68.71531 | F17: =D17*E17 -> 0
A18: 2.2.1.1.1.2.4 | B18: Profundidade 3,00 ≤ H < 4,00 | C18: m3 | D18: 0.015182173 | F18: =D18*E18 -> 0
A19: 2.2.1.1.2 | B19: Fornecimento e aplicação de betão de recobrimento classe C12/15, numa camada de 0,10 m | C19: m2 | D19: 1178.972 | F19: =D19*E19 -> 0
A20: 2.2.1.1.3 | B20: Carga, transporte e descarga em destino final, até 30 km de distância, compatível com as exigências legais dos restantes materiais de escavação, incluindo todos os trabalhos, materiais e acessórios necessários e complementares à correta execução da tarefa. | C20: m3 | D20: 2677.0734 | F20: =D20*E20 -> 0
A21: 2.2.1.1.4 | B21: Beneficiação de fundações, valas comb≥ 1,00 m, instaladas em solos de má consistência.
A22: 2.2.1.1.4.1 | B22: Fornecimento e aplicação de brita (0,5 a 3,2 mm) para regularização do leito da vala, e todos os trabalhos e materiais necessários e complementares.
A23: 2.2.1.1.4.1.1 | B23: b=1,50 m (comprimento estimado de 20%) | C23: m3 | D23: 60.5056 | F23: =D23*E23 -> 0
A24: 2.2.1.1.4.2 | B24: Fornecimento e colocação de geotêxtil não tecido de 200g/m2 em polipropileno, no envolvimento da camada de brita no fundo da vala, incluindo sobreposições e todos os trabalhos, materiais e acessórios necessários e complementares para a correta execução da tarefa (a medição inclui sobreposições de 0,30m).
A25: 2.2.1.1.4.2.1 | B25: b=1,50 m (comprimento estimado de 20%) | C25: m2 | D25: 385.7232 | F25: =D25*E25 -> 0
B26: Total de 2.2.1.1 | F26: =SUM(F10:F25) -> 0
A27: 2.2.1.2 | B27: Lajes de betão para valas e coberturas
A28: 2.2.1.2.1 | B28: Construção civil completa de valas em betão drenante de secção retangular, conforme Desenho DE-08, em betão C30/37 armado com aço S400NR, incluindo cofragem, betão de regularização (C12/15), nivelamento, cura e todos os trabalhos, materiais e acessórios necessários e complementares à boa execução da tarefa
A29: 2.2.1.2.1.1 | B29: b=0.80 m | C29: m³ | D29: 276.457 | F29: =D29*E29 -> 0
A30: 2.2.1.2.1.2 | B30: b=1,50 m | C30: m³ | D30: 616.52651 | F30: =D30*E30 -> 0
A31: 2.2.1.2.2 | B31: Fornecimento e colocação de lajes de cobertura de vala de drenagem em betão C30/37 reforçado com aço S400NR incluindo cofragem, cura e todos os trabalhos, materiais e acessórios necessários e complementares para a correta execução da tarefa
A32: 2.2.1.2.2.1 | B32: b=0.80 m | F32: =D32*E32 -> 0
A33: 2.2.1.2.2.1.1 | B33: Laje de cobertura em tubo I (nivelada com o pavimento) | C33: m | D33: 348.21 | F33: =D33*E33 -> 0
A34: 2.2.1.2.2.1.2 | B34: Laje de cobertura com Caleira (nivelada com o pavimento) | C34: m | D34: 4 | F34: =D34*E34 -> 0
A35: 2.2.1.2.2.1.3 | B35: Laje de cobertura do tubo I (nivelada com o pavimento) - lajes de reserva extra 5% | C35: m | D35: 18 | F35: =D35*E35 -> 0
A36: 2.2.1.2.2.2 | B36: b=1,50 m
A37: 2.2.1.2.2.2.1 | B37: Laje de cobertura em tubo I (nivelada com o pavimento) | C37: m | D37: 358.16 | F37: =D37*E37 -> 0
A38: 2.2.1.2.2.2.2 | B38: Laje de cobertura com Caleira (nivelada com o pavimento) | C38: m | D38: 20 | F38: =D38*E38 -> 0
A39: 2.2.1.2.2.2.3 | B39: Laje de cobertura do tubo I (nivelada com o pavimento) - lajes de reserva extra 5% | C39: m | D39: 18 | F39: =D39*E39 -> 0
B40: Total de 2.2.1.2 | F40: =SUM(F29:F39) -> 0
A41: 2.2.1.3 | B41: Condutas de passagem
A42: 2.2.1.3.1 | B42: Fornecimento e construção de condutas de passagem sob as valas de drenagem, incluindo 3 x tubos canal SN8 DN400 em PPc, revestimento em betão C30/37 com adição de fibras de polipropileno (0,6 kg/m3), marcação em betão, conforme desenho DE-08, tamponamento provisório, terraplanagem e remoção dos restantes elementos para destino adequado
A43: 2.2.1.3.1.1 | B43: Duto de passagem km 0+002 | C43: m | D43: 6 | F43: =D43*E43 -> 0
A44: 2.2.1.3.1.2 | B44: Conduta de passagem km 0+211 | C44: m | D44: 6 | F44: =D44*E44 -> 0
A45: 2.2.1.3.1.3 | B45: Conduta de passagem km 0+356 | C45: m | D45: 6 | F45: =D45*E45 -> 0
B46: Total de 2.2.1.3 | F46: =SUM(F43:F45) -> 0
B47: Total de 2.2.1 | F47: =+F46+F40+F26 -> 0
A48: 2.2.2 | B48: Rede de drenagem
A49: 2.2.2.1 | B49: Remoção e substituição de pavimentos
A50: 2.2.2.1.2 | B50: Pavimento em betão betuminoso
A51: 2.2.2.1.2.1 | B51: Remoção de pavimento betuminoso para abertura de vala, com corte e arranque em toda a largura da vala e uma faixa adicional de 0,25m de cada lado do topo da vala, incluindo remoção, carga, transporte e descarga dos produtos sobrantes para aterro licenciado, até 30 km de distância, e todos os trabalhos, materiais e meios necessários e complementares | C51: m2 | D51: 43.136 | F51: =D51*E51 -> 0
A52: 2.2.2.1.2.2 | B52: Fornecimento e aplicação de tout-venant (0/40 mm) para a execução da camada de base do pavimento, com espessura igual à existente com um mínimo de 0,30m | C52: m3 | D52: 10.9188 | F52: =D52*E52 -> 0
A53: 2.2.2.1.2.3 | B53: Fornecimento e aplicação de tout-venant (0/60 mm) para execução da camada de base do pavimento, com espessura igual à existente, com um mínimo de 0,30m | C53: m3 | D53: 10.9188 | F53: =D53*E53 -> 0
A54: 2.2.2.1.2.4 | B54: Substituição de pavimento betuminoso com preparação, nivelamento e compactação da caixa de pavimento, em toda a largura da vala e uma faixa adicional de 0,25m de cada lado do topo da vala; rega de impregnação; execução de pavimento betuminoso, incluindo todos os trabalhos complementares de substituição das camadas de regularização em betão betuminoso (Binder), com espessura igual à existente com um mínimo de 0.05m (após compactação); rega de ligação; camada de desgaste em betão betuminoso a quente com agregado de basalto, com espessura igual à existente com um mínimo de 0,04m (após compactação); substituição de guias, carris, sinalização vertical e horizontal, pintura; e todos os trabalhos, materiais e meios necessários e complementares | C54: m2 | D54: 43.136 | F54: =D54*E54 -> 0
B55: Total de 2.2.2.1 | F55: =SUM(F51:F54) -> 0
A56: 2.2.2.2 | B56: Terraplanagens
A57: 2.2.2.2.1 | B57: Escavação de qualquer tipo de solo, com recurso a ferramentas e equipamentos mecânicos adequados, incluindo larguras adicionais, demolição (incluindo remoção de tubagens existentes, demolição e aterro de câmaras existentes para descomissionamento), rebaixamento de lençol freático se necessário, contenção e suporte necessários à perfeita estabilização das valas, escavações, taludes e edifícios vizinhos, reparação e relocalização de infra-estruturas subterrâneas existentes interceptadas, remoção de tubagem existente, compactação mecânica do solo da fundação a um mínimo de 95% do ensaio Proctor modificado (CBR≥5%), e todos os trabalhos, materiais e acessórios necessários e complementares para a correta execução da tarefa.
A58: 2.2.2.2.1.1 | B58: Escavação em areia ou solo mole
A59: 2.2.2.2.1.1.1 | B59: Profundidade 0,00 ≤ H < 1,00 | C59: m3 | D59: 537.4251 | F59: =D59*E59 -> 0
A60: 2.2.2.2.1.1.2 | B60: Profundidade 1,00 ≤ H < 2,00 | C60: m3 | D60: 525.48232 | F60: =D60*E60 -> 0
A61: 2.2.2.2.1.1.3 | B61: Profundidade 2,00 ≤ H < 3,00 | C61: m3 | D61: 488.93325 | F61: =D61*E61 -> 0
A62: 2.2.2.2.1.1.4 | B62: Profundidade 3,00 ≤ H < 4,00 | C62: m3 | D62: 334.43734 | F62: =D62*E62 -> 0
A63: 2.2.2.2.1.1.5 | B63: Profundidade 4,00 ≤ H < 5,00 | C63: m3 | D63: 144.82008 | F63: =D63*E63 -> 0
A64: 2.2.2.2.1.2 | B64: Escavação em rocha ou solo duro
A65: 2.2.2.2.1.2.1 | B65: Profundidade 0,00 ≤ H < 1,00 | C65: m3 | D65: 59.7139 | F65: =D65*E65 -> 0
A66: 2.2.2.2.1.2.2 | B66: Profundidade 1,00 ≤ H < 2,00 | C66: m3 | D66: 71.65668 | F66: =D66*E66 -> 0
A67: 2.2.2.2.1.2.3 | B67: Profundidade 2,00 ≤ H < 3,00 | C67: m3 | D67: 79.593786 | F67: =D67*E67 -> 0
A68: 2.2.2.2.1.2.4 | B68: Profundidade 3,00 ≤ H < 4,00 | C68: m3 | D68: 63.70235 | F68: =D68*E68 -> 0
A69: 2.2.2.2.1.2.5 | B69: Profundidade 4,00 ≤ H < 5,00 | C69: m3 | D69: 31.789773 | F69: =D69*E69 -> 0
A70: 2.2.2.2.2 | B70: Fornecimento e aplicação de areia ou brita para regularização da vala e do leito de assentamento da tubagem, incluindo rega e compactação a 95% do ensaio Proctor Modificado e todos os trabalhos e materiais necessários e complementares. | C70: m3 | D70: 89.57085 | F70: =D70*E70 -> 0
A71: 2.2.2.2.3 | B71: Fornecimento e aplicação de brita para camada de fundação da vala, com uma espessura de 0,40m, incluindo baldeação e compactação para atingir 95% de compactação do ensaio Proctor Modificado e todos os trabalhos e materiais necessários e complementares. | C71: m3 | D71: 238.8556 | F71: =D71*E71 -> 0
A72: 2.2.2.2.4 | B72: Fornecimento e colocação de geotêxtil não tecido de300g/m2 em polipropileno, no envolvimento da camada de brita no fundo da vala, incluindo sobreposições e todos os trabalhos, materiais e acessórios necessários e complementares para a correta execução da tarefa (a medição inclui sobreposições de 0,30m). | C72: m2 | D72: 187.7 | F72: =D72*E72 -> 0
A73: 2.2.2.2.5 | B73: Execução de aterro até às cotas de projeto, regado e compactado em camadas de 0,20m de espessura, com materiais selecionados provenientes de escavação local ou de aterro importado, incluindo regularização e estabilização de taludes, compactação mecânica da fundação a um mínimo de 95% do ensaio Proctor modificado (CBR≥5%), e todos os trabalhos, materiais e acessórios necessários e complementares à correta execução da tarefa. | C73: m3 | D73: 1308.2485 | F73: =D73*E73 -> 0
A74: 2.2.2.2.6 | B74: Carga, transporte e descarga em destino final, até 30 km de distância, compatível com as exigências legais dos restantes materiais de escavação, incluindo todos os trabalhos, materiais e acessórios necessários e complementares à correta execução da tarefa. | C74: m3 | D74: 1029.3061 | F74: =D74*E74 -> 0
B75: Total de 2.2.2.2 | F75: =SUM(F59:F74) -> 0
A76: 2.2.2.3 | B76: Tubagens e acessórios
A77: 2.2.2.3.1 | B77: Fornecimento, assentamento e ensaio de tubos Box Culvert em betão armado, para drenagem em superfície livre, incluindo proteção anticorrosiva interior constituída por três demãos de pintura à base de resina epoxi e óleo de antraceno, de acordo com as especificações técnicas, juntas de borracha, e todos os trabalhos necessários
A78: 2.2.2.3.1.1 | B78: Box Culvert 1,5 x 1,5 | C78: m | D78: 100.64 | F78: =D78*E78 -> 0
A79: 2.2.2.3.1.2 | B79: Box Culvert 1,5 x 2,0 | C79: m | D79: 121.62 | F79: =D79*E79 -> 0
A80: 2.1.1.3.2 | B80: Fornecimento e colocação de fita de polietileno para sinalização de tubos, conforme descrito nos desenhos. | C80: m | D80: 222.26 | F80: =D80*E80 -> 0
B81: Total de 2.2.2.3 | F81: =SUM(F78:F80) -> 0
A82: 2.2.2.4 | B82: Câmaras de visita
A83: 2.2.2.4.2 | B83: Construção civil completa de caixa de visita para canais em caixão para drenagem de águas pluviais, em betão C35/45 reforçado com aço S500NR, incluindo cofragem, betão de regularização (C12/15), terraplenagens (escavação, camadas de aterro, consoante o tipo de vala, transporte para aterro licenciado, até 30 km de distância, de todos os materiais remanescentes), rebaixamento de lençol freático se necessário, degraus, guarda-corpo e patamar quando h>5.00m, juntas de neoprene entre anéis e tampa, tampa em ferro fundido com entrada Ø 600 mm, classe D400, NP EN 124, 4, revestimento em resina epoxi das paredes interiores e impermeabilização exterior do muro enterrado com revestimento em emulsão betuminosa aplicada com duas camadas cruzadas, e todos os trabalhos e materiais necessários e complementares para a correta execução da tarefa.
A84: 2.2.2.4.2.1 | B84: Tipo normalizado, desenhos DE-03.3
A85: 2.2.2.4.2.1.1 | B85: D01 | 3.00 < Profundidade à soleira ≤ 3.50 m | âng 45º | C85: Un | D85: 1 | F85: =D85*E85 -> 0
A86: 2.2.2.4.2.1.2 | B86: D02 | 3.00 < Profundidade à soleira ≤ 3.50 m | âng 31º | C86: Un | D86: 1 | F86: =D86*E86 -> 0
A87: 2.2.2.4.2.1.3 | B87: D03 | 3.00 < Profundidade à soleira ≤ 3.50 m | âng 45º | C87: Un | D87: 1 | F87: =D87*E87 -> 0
A88: 2.2.2.4.2.1.4 | B88: D04 | 3.50 < Profundidade à soleira ≤ 4.00 m | âng 16º | C88: Un | D88: 1 | F88: =D88*E88 -> 0
A89: 2.2.2.4.2.1.5 | B89: D05 | 4.00 < Profundidade à soleira ≤ 4.50 m | âng 2º | C89: Un | D89: 1 | F89: =D89*E89 -> 0
A90: 2.2.2.4.2.1.6 | B90: D06 | 3.50 < Profundidade à soleira ≤ 4.00 m | âng 45º | C90: Un | D90: 1 | F90: =D90*E90 -> 0
B91: Total de 2.2.2.4 | F91: =SUM(F85:F90) -> 0
A92: 2.2.2.5 | B92: Dispositivos de interceção de escoamento superficial
A93: 2.2.2.5.1 | B93: Construção civil completa de Canal de Drenagem, de acordo com o Desenho DE-07 e Regulamento e Caderno de Encargos da CM Maputo, em betão armado, incluindo cobertura e caixilharia de grelha metálica com sistema antirroubo, impermeabilização exterior dos muros enterrados com revestimento de emulsão betuminosa aplicada com duas camadas cruzadas, ramais de ligação à rede de drenagem em betão armado pré-fabricado 2 x ND800, com comprimento médio de 10,0 m, e todos os trabalhos e materiais necessários e complementares, com as seguintes dimensões
A94: 2.2.2.5.1.1 | B94: Comprimento do canal de 0,60 m e 0,70 m de largura (D01) | Tubo de drenagem DN300 L= 5,0 m | C94: Un | D94: 1 | F94: =D94*E94 -> 0
A95: 2.2.2.5.1.2 | B95: Comprimento do canal de 6,00 m e 0,70 m de largura (D03) | Tubos de drenagem 2 x DN800 L= 10,0 m | C95: Un | D95: 1 | F95: =D95*E95 -> 0
A96: 2.2.2.5.1.3 | B96: Comprimento do canal de 0,60 m e 0,70 m de largura (D05) | Tubo de drenagem DN300 L= 5,0 m | C96: Un | D96: 1 | F96: =D96*E96 -> 0
A97: 2.2.2.5.1.4 | B97: Comprimento do canal de 0,60 m e 0,70 m de largura (D06) | Tubo de drenagem DN300 L= 5,0 m | C97: Un | D97: 1 | F97: =D97*E97 -> 0
B98: Total de 2.2.2.5 | F98: =SUM(F94:F97) -> 0
A99: 2.2.2.6 | B99: Muro de Transição Vala - Box Culvert
A100: 2.2.2.6.1 | B100: Construção civil completa de Muro de Transição, desde a vala aberta até à tubagem enterrada, a construir em betão C30/37 armado com aço S400NR, conforme Desenhos, incluindo cofragem, betão de escavação (C12/15), terraplenagens (escavação, camadas de aterro, consoante o tipo de vala, transporte para aterro licenciado, até 30 km de distância, de todos os materiais remanescentes), rebaixamento do lençol freático se necessário, impermeabilização exterior das paredes enterradas com revestimento de emulsão betuminosa aplicada com duas camadas cruzadas, e todos os trabalhos e materiais necessários e complementares para a correta execução da obra.
...

Sheet 2.3
A1: DESCRIÇÃO | C1: UNIDADE | D1: QUANTIDADES | E1: PREÇO UNITARIO | F1: TOTAL
E2: (MZN) | F2: (MZN)
A3: 2 | B3: REDE DE DRENAGEM E CONTROLO DE EROSÃO
A4: 2.3 | B4: CHAMANCULO-B/D/Xipamanine (Rua Marcelino dos Santos)
B5: ObservaçõesTodos os trabalhos descritos neste Mapa de Quantidades deverão ser executados de acordo com os Desenhos e Especificações que fazem parte deste Projeto Detalhado, incluindo todos os trabalhos, materiais e acessórios necessários e complementares para a correta execução das tarefas.
A6: 2.3.1 | B6: Vala de drenagem
A7: 2.3.1.1 | B7: Remoção e substituição de pavimentos
A8: 2.3.1.1.1 | B8: Pavimentação em blocos de betão
A9: 2.3.1.1.1.1 | B9: Remoção de pavimento em blocos de betão para abertura de vala, considerando uma sobrelargura de 0,25m para cada lado da vala, incluindo lancis intersectados, seleção e transporte para armazenamento temporário dos materiais utilizáveis para posterior utilização e/ou transporte a destino final, até 30 km de distância, compatível com as exigências legais dos materiais sobrantes, e todos os trabalhos, materiais e acessórios necessários e complementares à correta execução da tarefa. | C9: m2 | D9: 852.572 | F9: =D9*E9 -> 0
A10: 2.3.1.1.1.2 | B10: Execução de uma camada para assentamento dos blocos de betão, com 0,06m de espessura, no traço de 1/6 de cimento e brita ou pó de pedra, incluindo espalhamento, regularização e todos os trabalhos, materiais e acessórios necessários e complementares para a correta execução da tarefa. | C10: m2 | D10: 852.572 | F10: =D10*E10 -> 0
A11: 2.3.1.1.1.3 | B11: Assentamento de blocos de betão para reposição do pavimento no estado em que se encontra, com juntas de separação entre 2 e 3 mm de espessura, incluindo enchimento das juntas com areia fina, seca e natural com granulometria entre 0 e 2 mm, assentamento de lancis interceptados, fornecimento de todos os materiais para substituição do inutilizado e todos os trabalhos, materiais e acessórios necessários e complementares para a correta execução da tarefa. | C11: m2 | D11: 852.572 | F11: =D11*E11 -> 0
B12: Total de 2.3.1.1 | F12: =SUM(F9:F11) -> 0
A13: 2.3.1.2 | B13: Terraplanagens
A14: 2.3.1.2.1 | B14: Escavação de qualquer tipo de solo, com recurso a ferramentas e equipamentos mecânicos adequados, incluindo larguras adicionais, demolição (incluindo remoção de tubagens existentes, demolição e aterro de câmaras existentes para descomissionamento), rebaixamento de lençol freático se necessário, contenção e suporte necessários à perfeita estabilização das valas, escavações, taludes e edifícios vizinhos, reparação e relocalização de infra-estruturas subterrâneas existentes interceptadas, remoção de tubagem existente, compactação mecânica do solo da fundação a um mínimo de 95% do ensaio Proctor modificado (CBR≥5%), e todos os trabalhos, materiais e acessórios necessários e complementares para a correta execução da tarefa.
A15: 2.3.1.2.1.1 | B15: Escavação em areia ou solo macio
A16: 2.3.1.2.1.1.1 | B16: Profundidade 0,00 ≤ H < 1,00 | C16: m3 | D16: 490.87196 | F16: =D16*E16 -> 0
A17: 2.3.1.2.1.1.2 | B17: Profundidade 1,00 ≤ H < 2,00 | C17: m3 | D17: 77.368219 | F17: =D17*E17 -> 0
A18: 2.3.1.2.1.2 | B18: Escavação em rocha ou solo duro
A19: 2.3.1.2.1.2.1 | B19: Profundidade 0,00 ≤ H < 1,00 | C19: m3 | D19: 54.541329 | F19: =D19*E19 -> 0
A20: 2.3.1.2.1.2.2 | B20: Profundidade 1,00 ≤ H < 2,00 | C20: m3 | D20: 10.550212 | F20: =D20*E20 -> 0
A21: 2.3.1.2.2 | B21: Fornecimento e aplicação de betão de limpeza classe C12/15, numa camada de 0,10 m | C21: m2 | D21: 572.257 | F21: =D21*E21 -> 0
A22: 2.3.1.2.3 | B22: Carga, transporte e descarga em destino final, até 30 km de distância, compatível com as exigências legais dos restantes materiais de escavação, incluindo todos os trabalhos, materiais e acessórios necessários e complementares à correta execução da tarefa. | C22: m3 | D22: 633.33172 | F22: =D22*E22 -> 0
B23: Total de 2.3.1.2 | F23: =SUM(F16:F22) -> 0
A24: 2.3.1.3 | B24: Lajes de betão para valas e coberturas
A25: 2.3.1.3.1 | B25: Construção civil completa de valas em betão drenante de secção retangular, conforme Desenho DE-08, em betão C30/37 armado com aço S400NR, incluindo cofragem, betão de regularização (C12/15), nivelamento, cura e todos os trabalhos, materiais e acessórios necessários e complementares à boa execução da tarefa
A26: 2.3.1.3.1.1 | B26: b=0,50 m | C26: m³ | D26: 198.10497 | F26: =D26*E26 -> 0
A27: 2.3.1.3.1.2 | B27: b=0,70 m | C27: m³ | D27: 109.91676 | F27: =D27*E27 -> 0
A28: 2.3.1.3.2 | B28: Fornecimento e colocação de lajes de cobertura de vala de drenagem em betão C30/37 reforçado com aço S400NR incluindo cofragem, cura e todos os trabalhos, materiais e acessórios necessários e complementares para a correta execução da tarefa
A29: 2.3.1.3.2.1 | B29: Tipo 3B com B=b=0,50 m
A30: 2.3.1.3.2.1.1 | B30: Laje de cobertura em tubo I (nivelada com o pavimento) | C30: m | D30: 397 | F30: =D30*E30 -> 0
A31: 2.3.1.3.2.1.2 | B31: Laje de cobertura do tubo I (nivelada com o pavimento) - lajes de reserva extra 5% | C31: m | D31: 20 | F31: =D31*E31 -> 0
A32: 2.3.1.3.2.2 | B32: Tipo 3B com B=b=0,60 m | F32: =D32*E32 -> 0
A33: 2.3.1.3.2.2.1 | B33: Laje de cobertura em tubo I (nivelada com o pavimento) | C33: m | D33: 213 | F33: =D33*E33 -> 0
A34: 2.3.1.3.2.2.2 | B34: Laje de cobertura do tubo I (nivelada com o pavimento) - lajes de reserva extra 5% | C34: m | D34: 11 | F34: =D34*E34 -> 0
A35: 2.3.1.3.2.2.3 | B35: Laje de cobertura com Caleira (nivelada com o pavimento) | C35: m | D35: 20 | F35: =D35*E35 -> 0
B36: Total de 2.3.1.3 | F36: =SUM(F26:F35) -> 0
A37: 2.3.1.4 | B37: Condutas de passagem
A38: 2.3.1.4.1 | B38: Fornecimento e construção de condutas de passagem sob as valas de drenagem, incluindo 3 x tubos canal SN8 DN400 em PPc, revestimento em betão C30/37 com adição de fibras de polipropileno (0,6 kg/m3), marcação em betão, conforme desenho DE-08, tamponamento provisório, terraplanagem e remoção dos restantes elementos para destino adequado
A39: 2.2.1.4.1.1 | B39: Conduta de passagem Vala Norte km 0+154 | C39: m | D39: 10 | F39: =D39*E39 -> 0
A40: 2.2.1.4.1.2 | B40: Conduta de passagem Vala Norte km 0+238 | C40: m | D40: 10 | F40: =D40*E40 -> 0
A41: 2.2.1.4.1.3 | B41: Conduta de passagem Vala Sul km 0+168 | C41: m | D41: 10 | F41: =D41*E41 -> 0
B42: Total de 2.3.1.4 | F42: =SUM(F39:F41) -> 0
B43: Total de 2.3.1 | F43: =F42+F36+F23+F12 -> 0
B44: TOTAL DE 2.3 | F44: =F43 -> 0

Sheet 2.4
A1: DESCRIÇÃO | C1: UNIDADE | D1: QUANTIDADES | E1: PREÇO UNITARIO | F1: TOTAL
E2: (MZN) | F2: (MZN)
A3: 2 | B3: REDE DE DRENAGEM E CONTROLO DE EROSÃO
A4: 2.4 | B4: MALANGA MACRO (Av. do Trabalho, Rua 2019)
B5: ObservaçõesTodos os trabalhos descritos neste Mapa de Quantidades deverão ser executados de acordo com os Desenhos e Especificações que fazem parte deste Projeto Detalhado, incluindo todos os trabalhos, materiais e acessórios necessários e complementares para a correta execução das tarefas.
A6: 2.4.1 | B6: Rede Unitária
A7: 2.4.1.1 | B7: Remoção e substituição de pavimentos
A8: 2.4.1.1.1 | B8: Pavimento em terra batida
A9: 2.4.1.1.1.1 | B9: Levantamento e reposição do pavimento de terra batida nas condições existentes, na largura da vala, com 0,15m de espessura após compactação, incluindo espalhamento, regularização, rega e compactação em camadas de 0,15m de espessura, incluindo substituição da camada de fundação, e todos os trabalhos acessórios e transporte para aterro licenciado, até 30 km de distância. | C9: m2 | D9: 104.64786 | F9: =D9*E9 -> 0
A10: 2.4.1.1.2 | B10: Pavimento em betão
A11: 2.4.1.1.2.1 | B11: Remoção de pavimento de betão em passeios para abertura de vala, considerando uma sobre-largura de 0,25m de cada lado da vala, incluindo lancis intersectados, seleção e transporte para armazenamento temporário de materiais utilizáveis para posterior utilização e/ou transporte a destino final, até 30 km de distância, compatível com as exigências legais dos materiais sobrantes, e todos os trabalhos, materiais e acessórios necessários e complementares para a correta execução da tarefa. | C11: m2 | D11: 264.07348 | F11: =D11*E11 -> 0
A12: 2.4.1.1.2.2 | B12: Colocação de pavimento em betão para repor o pavimento no estado em que se encontrava, incluindo cortes a efetuar para ajustes, reenchimento de juntas com areia fina, seca, siliciosa, com granulometria entre 0 e 2 mm, colocação de lancis interceptados, fornecimento de todos os materiais para substituição do inutilizado e todos os trabalhos, materiais e acessórios necessários e complementares para a correta execução da tarefa. | C12: m2 | D12: 264.07348 | F12: =D12*E12 -> 0
A13: 2.4.1.1.3 | B13: Pavimento em betão betuminoso
A14: 2.4.1.1.3.1 | B14: Remoção de pavimento betuminoso para abertura de vala, com corte e arranque em toda a largura da vala e uma faixa adicional de 0,25m de cada lado do topo da vala, incluindo remoção, carga, transporte e descarga dos produtos sobrantes para aterro licenciado, até 30 km de distância, e todos os trabalhos, materiais e meios necessários e complementares | C14: m2 | D14: 3727.6578 | F14: =D14*E14 -> 0
A15: 2.4.1.1.3.2 | B15: Fornecimento e aplicação de tout-venant (0/40 mm) para a execução da camada de base do pavimento, com espessura igual à existente com um mínimo de 0,30m | C15: m3 | D15: 968.40862 | F15: =D15*E15 -> 0
A16: 2.4.1.1.3.3 | B16: Fornecimento e aplicação de tout-venant (0/60 mm) para execução da camada de base do pavimento, com espessura igual à existente, com um mínimo de 0,30m | C16: m3 | D16: 968.40862 | F16: =D16*E16 -> 0
A17: 2.4.1.1.3.4 | B17: Substituição de pavimento betuminoso com preparação, nivelamento e compactação da caixa de pavimento, em toda a largura da vala e uma faixa adicional de 0,25m de cada lado do topo da vala; rega de impregnação; execução de pavimento betuminoso, incluindo todos os trabalhos complementares de substituição das camadas de regularização em betão betuminoso (Binder), com espessura igual à existente com um mínimo de 0.05m (após compactação); rega de ligação; camada de desgaste em betão betuminoso a quente com agregado de basalto, com espessura igual à existente com um mínimo de 0,04m (após compactação); substituição de guias, carris, sinalização vertical e horizontal, pintura; e todos os trabalhos, materiais e meios necessários e complementares | C17: m2 | D17: 3727.6578 | F17: =D17*E17 -> 0
A18: 2.4.1.1.4 | B18: Valas de drenagem em betão
A19: 2.4.1.1.4.1 | B19: Remoção de valas de drenagem em betão para abertura de vala, considerando uma sobre-largura de 0,25m para cada lado da vala, incluindo o transporte para armazenamento temporário de materiais utilizáveis para posterior utilização e/ou transporte a destino final, até 30 km de distância, compatível com as exigências legais dos materiais sobrantes, e todos os trabalhos, materiais e acessórios necessários e complementares para a correta execução da tarefa. | C19: m2 | D19: 344.36498 | F19: =D19*E19 -> 0
A20: 2.4.1.1.4.2 | B20: Colocação de betão para repor as valas de drenagem nas condições existentes, incluindo os cortes a efetuar para ajustes, reenchimento das juntas com areia fina, seca, siliciosa, com granulometria entre 0 e 2 mm, fornecimento de todo o material, todos os trabalhos e acessórios necessários e complementares para a correta execução da tarefa. | C20: m2 | D20: 344.36498 | F20: =D20*E20 -> 0
B21: Total de 2.4.1.1 | F21: =SUM(F9:F20) -> 0
A22: 2.4.1.2 | B22: Terraplanagens
A23: 2.4.1.2.1 | B23: Escavação de qualquer tipo de solo, com recurso a ferramentas e equipamentos mecânicos adequados, incluindo larguras adicionais, demolição (incluindo remoção de tubagens existentes, demolição e aterro de câmaras existentes para descomissionamento), rebaixamento de lençol freático se necessário, contenção e suporte necessários à perfeita estabilização das valas, escavações, taludes e edifícios vizinhos, reparação e relocalização de infra-estruturas subterrâneas existentes interceptadas, remoção de tubagem existente, compactação mecânica do solo da fundação a um mínimo de 95% do ensaio Proctor modificado (CBR≥5%), e todos os trabalhos, materiais e acessórios necessários e complementares para a correta execução da tarefa.
A24: 2.4.1.2.1.1 | B24: Escavação em areia ou solo macio
A25: 2.4.1.2.1.1.1 | B25: Profundidade 0,00 ≤ H < 1,00 | C25: m3 | D25: 4103.9426 | F25: =D25*E25 -> 0
A26: 2.4.1.2.1.1.2 | B26: Profundidade 1,00 ≤ H < 2,00 | C26: m3 | D26: 4012.7438 | F26: =D26*E26 -> 0
A27: 2.4.1.2.1.1.3 | B27: Profundidade 2,00 ≤ H < 3,00 | C27: m3 | D27: 3916.8858 | F27: =D27*E27 -> 0
A28: 2.4.1.2.1.1.4 | B28: Profundidade 3,00 ≤ H < 4,00 | C28: m3 | D28: 3088.2841 | F28: =D28*E28 -> 0
A29: 2.4.1.2.1.1.5 | B29: Profundidade 4,00 ≤ H < 5,00 | C29: m3 | D29: 645.64431 | F29: =D29*E29 -> 0
A30: 2.4.1.2.1.2 | B30: Escavação em rocha ou solo duro
A31: 2.4.1.2.1.2.1 | B31: Profundidade 0,00 ≤ H < 1,00 | C31: m3 | D31: 455.99362 | F31: =D31*E31 -> 0
A32: 2.4.1.2.1.2.2 | B32: Profundidade 1,00 ≤ H < 2,00 | C32: m3 | D32: 547.19234 | F32: =D32*E32 -> 0
A33: 2.4.1.2.1.2.3 | B33: Profundidade 2,00 ≤ H < 3,00 | C33: m3 | D33: 637.63258 | F33: =D33*E33 -> 0
A34: 2.4.1.2.1.2.4 | B34: Profundidade 3,00 ≤ H < 4,00 | C34: m3 | D34: 588.2446 | F34: =D34*E34 -> 0
A35: 2.4.1.2.1.2.5 | B35: Profundidade 4,00 ≤ H < 5,00 | C35: m3 | D35: 141.7268 | F35: =D35*E35 -> 0
A36: 2.4.1.2.2 | B36: Fornecimento e aplicação de areia ou brita para regularização da vala e do leito de assentamento da tubagem, incluindo rega e compactação a 95% do ensaio Proctor Modificado e todos os trabalhos e materiais necessários e complementares. | C36: m3 | D36: 685.06194 | F36: =D36*E36 -> 0
A37: 2.4.1.2.3 | B37: Fornecimento e aplicação de areia ou brita, para reaterro da camada de proteção, incluindo baldeação e compactação até atingir 95% de compactação do ensaio Proctor Modificado, com recurso a equipamento que não danifique a tubagem, aplicada sobre a cama de assentamento até 0,30m acima da cota exterior superior da tubagem. | C37: m3 | D37: 15.928053 | F37: =D37*E37 -> 0
A38: 2.4.1.2.4 | B38: Fornecimento e aplicação de brita para camada de fundação da vala, com uma espessura de 0,40m, incluindo baldeação e compactação para atingir 95% de compactação do ensaio Proctor Modificado e todos os trabalhos e materiais necessários e complementares. | C38: m3 | D38: 1815.5137 | F38: =D38*E38 -> 0
A39: 2.4.1.2.5 | B39: Fornecimento e colocação de geotêxtil não tecido de300g/m2 em polipropileno, no envolvimento da camada de brita no fundo da vala, incluindo sobreposições e todos os trabalhos, materiais e acessórios necessários e complementares para a correta execução da tarefa (a medição inclui sobreposições de 0,30m). | C39: m2 | D39: 302.2 | F39: =D39*E39 -> 0
A40: 2.4.1.2.6 | B40: Execução de aterro até às cotas de projeto, regado e compactado em camadas de 0,20m de espessura, com materiais selecionados provenientes de escavação local ou de aterro importado, incluindo regularização e estabilização de taludes, compactação mecânica da fundação a um mínimo de 95% do ensaio Proctor modificado (CBR≥5%), e todos os trabalhos, materiais e acessórios necessários e complementares à correta execução da tarefa. | C40: m3 | D40: 7038.2826 | F40: =D40*E40 -> 0
A41: 2.4.1.2.7 | B41: Carga, transporte e descarga em destino final, até 30 km de distância, compatível com as exigências legais dos restantes materiais de escavação, incluindo todos os trabalhos, materiais e acessórios necessários e complementares à correta execução da tarefa. | C41: m3 | D41: 11100.008 | F41: =D41*E41 -> 0
B42: Total de 2.4.1.2 | F42: =SUM(F25:F41) -> 0
A43: 2.4.1.3 | B43: Tubagens e acessórios
A44: 2.4.1.3.1 | B44: Fornecimento, assentamento e ensaio de schakles de betão armado, para drenagem livre à superfície, incluindo proteção anticorrosiva interior constituída por três demãos de tinta à base de resina epóxida e óleo de antraceno, de acordo com as especificações técnicas, juntas de borracha e todos os trabalhos necessários
A45: 2.4.1.3.1.1 | B45: DN700, classe III e carga de rotura de 69 kN/m | C45: m | D45: 12.866097 | F45: =D45*E45 -> 0
A46: 2.4.1.3.2 | B46: Fornecimento, assentamento e ensaio de tubos Box Culvert em betão armado, para drenagem em superfície livre, incluindo proteção anticorrosiva interior constituída por três demãos de pintura à base de resina epoxi e óleo de antraceno, de acordo com as especificações técnicas, juntas de borracha, e todos os trabalhos necessários
A47: 2.4.1.3.2.1 | B47: Box Culvert 1,5 x 1,5 | C47: m | D47: 102.34392 | F47: =D47*E47 -> 0
A48: 2.4.1.3.2.1 | B48: Box Culvert 1,5 x 2,0 | C48: m | D48: 230.30414 | F48: =D48*E48 -> 0
A49: 2.4.1.3.2.2 | B49: Box Culvert 2.0 x 1.5 | C49: m | D49: 420.6684 | F49: =D49*E49 -> 0
A50: 2.4.1.3.2.3 | B50: Box Culvert 2.0 x 2.0 | C50: m | D50: 52.527936 | F50: =D50*E50 -> 0
A51: 2.4.1.3.2.4 | B51: Box Culvert 3,0 x 2,0 | C51: m | D51: 133.50603 | F51: =D51*E51 -> 0
A52: 2.4.1.3.2.5 | B52: Box Culvert 3,0 x 2,5 | C52: m | D52: 266.85008 | F52: =D52*E52 -> 0
A53: 2.4.1.3.2.6 | B53: Box Culvert 4,0 x 2,5 | C53: m | D53: 85.736235 | F53: =D53*E53 -> 0
A54: 2.4.1.3.3 | B54: Fornecimento e colocação de fita de polietileno para sinalização de tubos, conforme descrito nos desenhos. | C54: m | D54: 1304.8028 | F54: =D54*E54 -> 0
B55: Total de 2.4.1.3 | F55: =SUM(F45:F54) -> 0
A56: 2.4.1.4 | B56: Câmaras de visita
A57: 2.4.1.4.1 | B57: Construção civil completa de caixa de visita para canais em caixão para drenagem de águas pluviais, em betão C35/45 reforçado com aço S500NR, incluindo cofragem, betão de regularização (C12/15), terraplenagens (escavação, camadas de aterro, consoante o tipo de vala, transporte para aterro licenciado, até 30 km de distância, de todos os materiais remanescentes), rebaixamento de lençol freático se necessário, degraus, guarda-corpo e patamar quando h>5.00m, juntas de neoprene entre anéis e tampa, tampa em ferro fundido com entrada Ø 600 mm, classe D400, NP EN 124, 4, revestimento em resina epoxi das paredes interiores e impermeabilização exterior do muro enterrado com revestimento em emulsão betuminosa aplicada com duas camadas cruzadas, e todos os trabalhos e materiais necessários e complementares para a correta execução da tarefa.
A58: 2.4.1.4.1.1 | B58: Tipo normalizado, desenhos DE-03.3
A59: 2.4.1.4.1.1.1 | B59: CV01 | 4.00 < Profundidade à soleira ≤ 4.50 m | âng 33º | C59: Un | D59: 1 | F59: =D59*E59 -> 0
A60: 2.4.1.4.1.1.2 | B60: CV02 | 3.50 < Profundidade à soleira ≤ 4.00 m | âng 1º | C60: Un | D60: 1 | F60: =D60*E60 -> 0
A61: 2.4.1.4.1.1.3 | B61: CV03 | 3.50 < Profundidade à soleira ≤ 4.00 m | âng 2º | C61: Un | D61: 1 | F61: =D61*E61 -> 0
A62: 2.4.1.4.1.1.4 | B62: CV04 | 3.50 < Profundidade à soleira ≤ 4.00 m | âng 2º | C62: Un | D62: 1 | F62: =D62*E62 -> 0
A63: 2.4.1.4.1.1.5 | B63: CV05 | 4.50 < Profundidade à soleira ≤ 5.00 m | âng 5º | C63: Un | D63: 1 | F63: =D63*E63 -> 0
A64: 2.4.1.4.1.1.6 | B64: CV06 | 3.50 < Profundidade à soleira ≤ 4.00 m | âng 0º | C64: Un | D64: 1 | F64: =D64*E64 -> 0
A65: 2.4.1.4.1.1.7 | B65: CV07 | 4.00 < Profundidade à soleira ≤ 4.50 m | âng 0º | C65: Un | D65: 1 | F65: =D65*E65 -> 0
A66: 2.4.1.4.1.1.8 | B66: CV08 | 3.50 < Profundidade à soleira ≤ 4.00 m | âng 1º | C66: Un | D66: 1 | F66: =D66*E66 -> 0
A67: 2.4.1.4.1.1.9 | B67: CV09 | 4.00 < Profundidade à soleira ≤ 4.50 m | âng 1º | C67: Un | D67: 1 | F67: =D67*E67 -> 0
A68: 2.4.1.4.1.1.10 | B68: CV10 | 4.00 < Profundidade à soleira ≤ 4.50 m | âng 2º | C68: Un | D68: 1 | F68: =D68*E68 -> 0
A69: 2.4.1.4.1.1.11 | B69: CV11 | 4.00 < Profundidade à soleira ≤ 4.50 m | âng 62º | C69: Un | D69: 1 | F69: =D69*E69 -> 0
A70: 2.4.1.4.1.1.12 | B70: CV13 | 5.00 < Profundidade à soleira ≤ 5.50 m | âng 0º | C70: Un | D70: 1 | F70: =D70*E70 -> 0
... A82: 2.4.1.4.1.1.24 | B82: CV27 | 3.50 < Profundidade à soleira ≤ 4.00 m | âng 68º | C82: Un | D82: 1 | F82: =D82*E82 -> 0
A83: 2.4.1.4.1.2 | B83: Tipo não normalizado
A84: 2.4.1.4.1.2.1 | B84: CV12, desenho DE-03.4.3.1 | C84: Un | D84: 1 | F84: =D84*E84 -> 0
A85: 2.4.1.4.1.2.2 | B85: CV20, desenho DE-03.4.3.2 | C85: Un | D85: 1 | F85: =D85*E85 -> 0
A86: 2.4.1.4.2 | B86: Construção civil completa de caixa de visita para tubos de drenagem circulares com ND>600mm, em betão C35/45 armado com aço S500NR de acordo com os Desenhos DE-03.2, incluindo trabalhos de terraplenagem (escavação, aterro e compactação, consoante o tipo de vala e transporte para local de descarga licenciado, até 30 km de distância, de todos os materiais remanescentes), rebaixamento de lençol freático se necessário, degraus, guarda-corpo e patamar quando h>5.00m, juntas de neoprene entre anéis e tampa, tampa em ferro fundido com entrada Ø 600 mm, classe D400, NP EN 124, revestimento em resina epoxi das paredes interiores e impermeabilização exterior da parede enterrada com revestimento em emulsão betuminosa aplicada com duas camadas cruzadas, e todos os trabalhos e materiais necessários e complementares para a correta execução da tarefa.
A87: 2.4.1.4.2.1 | B87: Câmaras de visita com 1 entrada e 1 saída
A88: 2.4.1.4.2.1.1 | B88: CV28 | 3.00 < Profundidade à soleira ≤ 3.50 m | C88: Un | D88: 1 | F88: =D88*E88 -> 0
B89: Total de 2.4.1.4 | F89: =SUM(F59:F88) -> 0
A90: 2.4.1.5 | B90: Dispositivos de interceção de escoamento superficial
A91: 2.4.1.5.1 | B91: Construção civil completa de Sistema Combinado de Drenagem de Caleira e Sumidouro em Grelha, de acordo com o Desenho DE-06 e o Regulamento e Caderno de Encargos da CM Maputo, em betão armado, incluindo grelhas metálicas verticais e horizontais, tampa da caleira pré-fabricada em betão armado, e impermeabilização exterior dos muros enterrados com revestimento de emulsão betuminosa aplicada com duas camadas cruzadas, ramal de ligação à rede de drenagem em betão armado pré-fabricado, com um comprimento médio de 10,0 m, e todos os trabalhos e materiais necessários e complementares, com as seguintes dimensões
A92: 2.4.1.5.1.1 | B92: Na berma da estrada ou numa vala:
A93: 2.4.1.5.1.1.1 | B93: Tipo II - Duplo Dreno - ramal DN300 | C93: Un | D93: 2 | F93: =D93*E93 -> 0
A94: 2.4.1.5.1.1.2 | B94: Tipo III - Dreno Triplo - Ramal DN400 | C94: Un | D94: 6 | F94: =D94*E94 -> 0
B95: Total de 2.4.1.5 | F95: =SUM(F93:F94) -> 0
A96: 2.4.1.6 | B96: Proteção à Descarga
A97: 2.4.1.6.1 | B97: Construção civil completa da estrutura de proteção do extravasor em betão armado classe de resistência C35/45, e aço S500NRSD, conforme Desenhos DE-09 incluindo escavação, ensecadeira, escoramento e contenção periférica, rebaixamento do nível freático se necessário, camada de proteção em riprap, compactação mecânica e regularização do solo de fundo (a 100% do ensaio Proctor modificado), impermeabilização das superfícies exteriores com pintura betuminosa, e todos os trabalhos, materiais e acessórios necessários e complementares para a correta execução da tarefa. | C97: Un | D97: 1 | F97: =D97*E97 -> 0
B98: Total de 2.4.1.6 | F98: =F97 -> 0
B99: Total de 2.4.1 | F99: =F98+F95+F89+F55+F42+F21 -> 0
A100: 2.4.2 | B100: Rede existente
A101: 2.4.2.1 | B101: Limpeza mecânica do interior da tubagem do coletor existente com diâmetro interno inferior a 800 mm (limpeza com jato de água a alta pressão, 200 bar), para remoção de raízes, detritos, gorduras, óleos, produtos de cura ou substâncias susceptíveis de diminuir ou prejudicar o funcionamento da tubagem sem a danificar, em todas as superfícies visíveis, e inspeção por equipamento de vídeo (CCTV), no interior das tubagens e caixas de visita, incluindo a deslocação do equipamento, apresentação de relatório fotográfico e vídeo de inspeção, recolha, carga, transporte e descarga de restos de produtos em depósito licenciado e todos os meios, equipamentos e trabalhos necessários e complementares (30 km como raio/distância máxima até ao local de descarga) | C101: m | D101: 526.65 | F101: =D101*E101 -> 0
B102: Total de 2.4.2 | F102: =F101 -> 0
B103: TOTAL DE 2.4 | F103: =F102+F99 -> 0

Sheet 3.1
A1: DESCRIÇÃO | C1: UNIDADE | D1: QUANTIDADES | E1: PREÇO UNITARIO | F1: TOTAL
E2: (MZN) | F2: (MZN)
A3: 3 | B3: REDE DE DISTRIBUIÇÃO DE ÁGUA
A4: 3.1 | B4: CHAMANCULO-A (Av. Trabalho, Rua 2333, Rua Estácio Dias, Rua 2253)
B5: ObservaçõesTodos os trabalhos descritos neste Mapa de Quantidades deverão ser executados de acordo com os Desenhos e Especificações que fazem parte deste Projeto Detalhado, incluindo todos os trabalhos, materiais e acessórios necessários e complementares para a correta execução das tarefas.
A6: 3.1.1 | B6: Remoção e substituição de pavimentos
A7: 3.1.1.1 | B7: Pavimento em terra batida
A8: 3.1.1.1.1 | B8: Levantamento e reposição do pavimento de terra batida nas condições existentes, na largura da vala, com 0,15m de espessura após compactação, incluindo espalhamento, regularização, rega e compactação em camadas de 0,15m de espessura, incluindo substituição da camada de fundação, e todos os trabalhos acessórios e transporte para aterro licenciado, até 30 km de distância. | C8: m2 | D8: 245.11563 | F8: =D8*E8 -> 0
A9: 3.1.1.2 | B9: Pavimentação em blocos de betão
A10: 3.1.1.2.1 | B10: Remoção de pavimento em blocos de betão para abertura de vala, considerando uma sobrelargura de 0,25m para cada lado da vala, incluindo lancis intersectados, seleção e transporte para armazenamento temporário dos materiais utilizáveis para posterior utilização e/ou transporte a destino final, até 30 km de distância, compatível com as exigências legais dos materiais sobrantes, e todos os trabalhos, materiais e acessórios necessários e complementares à correta execução da tarefa. | C10: m2 | D10: 558.62394 | F10: =D10*E10 -> 0
A11: 3.1.1.2.2 | B11: Execução de uma camada para assentamento dos blocos de betão, com 0,06m de espessura, no traço de 1/6 de cimento e brita ou pó de pedra, incluindo espalhamento, regularização e todos os trabalhos, materiais e acessórios necessários e complementares para a correta execução da tarefa. | C11: m2 | D11: 558.62394 | F11: =D11*E11 -> 0
A12: 3.1.1.2.3 | B12: Assentamento de blocos de betão para reposição do pavimento no estado em que se encontra, com juntas de separação entre 2 e 3 mm de espessura, incluindo enchimento das juntas com areia fina, seca e natural com granulometria entre 0 e 2 mm, assentamento de lancis interceptados, fornecimento de todos os materiais para substituição do inutilizado e todos os trabalhos, materiais e acessórios necessários e complementares para a correta execução da tarefa. | C12: m2 | D12: 558.62394 | F12: =D12*E12 -> 0
A13: 3.1.1.3 | B13: Pavimento em betão
A14: 3.1.1.3.1 | B14: Remoção de pavimento de betão em passeios para abertura de vala, considerando uma sobre-largura de 0,25m de cada lado da vala, incluindo lancis intersectados, seleção e transporte para armazenamento temporário de materiais utilizáveis para posterior utilização e/ou transporte a destino final, até 30 km de distância, compatível com as exigências legais dos materiais sobrantes, e todos os trabalhos, materiais e acessórios necessários e complementares para a correta execução da tarefa. | C14: m2 | D14: 70.35 | F14: =D14*E14 -> 0
A15: 3.1.1.3.2 | B15: Colocação de pavimento em betão para repor o pavimento no estado em que se encontrava, incluindo cortes a efetuar para ajustes, reenchimento de juntas com areia fina, seca, siliciosa, com granulometria entre 0 e 2 mm, colocação de lancis interceptados, fornecimento de todos os materiais para substituição do inutilizado e todos os trabalhos, materiais e acessórios necessários e complementares para a correta execução da tarefa. | C15: m2 | D15: 70.35 | F15: =D15*E15 -> 0
A16: 3.1.1.4 | B16: Pavimento em betão betuminoso
A17: 3.1.1.4.1 | B17: Remoção de pavimento betuminoso para abertura de vala, com corte e arranque em toda a largura da vala e uma faixa adicional de 0,25m de cada lado do topo da vala, incluindo remoção, carga, transporte e descarga dos produtos sobrantes para aterro licenciado, até 30 km de distância, e todos os trabalhos, materiais e meios necessários e complementares | C17: m2 | D17: 297.24248 | F17: =D17*E17 -> 0
A18: 3.1.1.4.2 | B18: Substituição de pavimento betuminoso com preparação, nivelamento e compactação da caixa de pavimento, em toda a largura da vala e uma faixa adicional de 0,25m de cada lado do topo da vala; rega de impregnação; execução de pavimento betuminoso, incluindo todos os trabalhos complementares de substituição das camadas de regularização em betão betuminoso (Binder), com espessura igual à existente com um mínimo de 0.05m (após compactação); rega de ligação; camada de desgaste em betão betuminoso a quente com agregado de basalto, com espessura igual à existente com um mínimo de 0,04m (após compactação); substituição de guias, carris, sinalização vertical e horizontal, pintura; e todos os trabalhos, materiais e meios necessários e complementares | C18: m2 | D18: 297.24248 | F18: =D18*E18 -> 0
B19: Total de 3.1.1 | F19: =SUM(F8:F18) -> 0
A20: 3.1.2 | B20: Terraplanagens
A21: 3.1.2.1 | B21: Escavação de qualquer tipo de solo, com recurso a ferramentas e equipamentos mecânicos adequados, incluindo larguras adicionais, demolição (incluindo remoção de tubagens existentes, demolição e aterro de câmaras existentes para descomissionamento), rebaixamento de lençol freático se necessário, contenção e suporte necessários à perfeita estabilização das valas, escavações, taludes e edifícios vizinhos, reparação e relocalização de infra-estruturas subterrâneas existentes interceptadas, remoção de tubagem existente, compactação mecânica do solo da fundação a um mínimo de 95% do ensaio Proctor modificado (CBR≥5%), e todos os trabalhos, materiais e acessórios necessários e complementares para a correta execução da tarefa.
A22: 3.1.2.1.1 | B22: Escavação em areia ou solo mole
A23: 3.1.2.1.1.1 | B23: Profundidade 0,00 ≤ H < 1,00 | C23: m3 | D23: 717.67982 | F23: =D23*E23 -> 0
A24: 3.1.2.1.1.2 | B24: Profundidade 1,00 ≤ H < 2,00 | C24: m3 | D24: 129.55074 | F24: =D24*E24 -> 0
A25: 3.1.2.1.2 | B25: Escavação em rocha ou solo duro
A26: 3.1.2.1.2.1 | B26: Profundidade 0,00 ≤ H < 1,00 | C26: m3 | D26: 79.742202 | F26: =D26*E26 -> 0
A27: 3.1.2.1.2.2 | B27: Profundidade 1,00 ≤ H < 2,00 | C27: m3 | D27: 17.66601 | F27: =D27*E27 -> 0
A28: 3.1.2.2 | B28: Fornecimento e aplicação de areia ou brita para regularização da vala e do leito de assentamento da tubagem, incluindo rega e compactação a 95% do ensaio Proctor Modificado e todos os trabalhos e materiais necessários e complementares. | C28: m3 | D28: 79.742203 | F28: =D28*E28 -> 0
A29: 3.1.2.3 | B29: Fornecimento e aplicação de areia ou brita, para enchimento da camada de proteção, incluindo baldeação e compactação até 95% de compactação do ensaio Proctor Modificado, com recurso a equipamento que não danifique a tubagem, aplicada sobre a cama de assentamento até 0,30m acima da cota superior exterior da tubagem. | C29: m3 | D29: 298.02621 | F29: =D29*E29 -> 0
A30: 3.1.2.4 | B30: Fornecimento e aplicação de tout-venant (0/40 mm) para execução da camada de base do pavimento, com espessura igual à existente com um mínimo de 0,30m, de acordo com o Desenho AA_07. | C30: m3 | D30: 47.167195 | F30: =D30*E30 -> 0
A31: 3.1.2.5 | B31: Fornecimento e aplicação de tout-venant (0/60 mm) para execução da camada de base do pavimento, com espessura igual à existente, com um mínimo de 0,30m | C31: m3 | D31: 47.167195 | F31: =D31*E31 -> 0
A32: 3.1.2.6 | B32: Execução de aterro até às cotas de projeto, regado e compactado em camadas de 0,20m de espessura, com materiais selecionados provenientes de escavação local ou de aterro importado, incluindo regularização e estabilização de taludes, compactação mecânica da fundação a um mínimo de 95% do ensaio Proctor modificado (CBR≥5%), e todos os trabalhos, materiais e acessórios necessários e complementares à correta execução da tarefa, de acordo com o Desenho AA_07. | C32: m3 | D32: 463.86103 | F32: =D32*E32 -> 0
A33: 3.1.2.7 | B33: Carga, transporte e descarga em destino final, até 30 km de distância, compatível com as exigências legais dos restantes materiais de escavação, incluindo todos os trabalhos, materiais e acessórios necessários e complementares à correta execução da tarefa. | C33: m3 | D33: 480.77775 | F33: =D33*E33 -> 0
B34: Total de 3.1.2 | F34: =SUM(F23:F33) -> 0
A35: 3.1.3 | B35: Tubagens e acessórios
A36: 3.1.3.1 | B36: Fornecimento, montagem e assentamento de tubagem em PEAD PE100 NP10 adequada a água potável, incluindo juntas de electrofusão, desinfeção, ensaios, todos os trabalhos, materiais e acessórios necessários e complementares para a correta execução da tarefa.
A37: 3.1.3.1.1 | B37: DN160 | C37: m | D37: 95.818 | F37: =D37*E37 -> 0
A38: 3.1.3.1.2 | B38: DN110 | C38: m | D38: 560.142 | F38: =D38*E38 -> 0
A39: 3.1.3.1.3 | B39: DN75 | C39: m | D39: 10.147 | F39: =D39*E39 -> 0
A40: 3.1.3.1.4 | B40: DN63, entre acessórios | C40: m | D40: 0.5 | F40: =D40*E40 -> 0
A41: 3.1.3.1.5 | B41: DN50 | C41: m | D41: 703.02 | F41: =D41*E41 -> 0
A42: 3.1.3.2 | B42: Fornecimento e montagem de acessórios em PEAD PE100 NP10 adequados para água potável, incluindo juntas de electrofusão, desinfeção, ensaios, todos os trabalhos, materiais e acessórios necessários e complementares para a correta execução da tarefa.
A43: 3.1.3.2.1 | B43: Tê simples e de redução
A44: 3.1.3.2.1.1 | B44: DN 110x110 | C44: Un | D44: 4 | F44: =D44*E44 -> 0
A45: 3.1.3.2.1.2 | B45: DN 110x63 | C45: Un | D45: 6 | F45: =D45*E45 -> 0
A46: 3.1.3.2.1.3 | B46: DN 75X75 | C46: Un | D46: 2 | F46: =D46*E46 -> 0
A47: 3.1.3.2.1.4 | B47: DN 50x50 | C47: Un | D47: 1 | F47: =D47*E47 -> 0
A48: 3.1.3.2.2 | B48: Redutores concêntricos
A49: 3.1.3.2.2.1 | B49: DN 160X110 | C49: Un | D49: 2 | F49: =D49*E49 -> 0
A50: 3.1.3.2.2.2 | B50: DN 110X75 | C50: Un | D50: 2 | F50: =D50*E50 -> 0
A51: 3.1.3.2.2.3 | B51: DN 110X63 | C51: Un | D51: 1 | F51: =D51*E51 -> 0
A52: 3.1.3.2.2.4 | B52: DN 75X50 | C52: Un | D52: 2 | F52: =D52*E52 -> 0
A53: 3.1.3.2.2.5 | B53: DN 63X50 | C53: Un | D53: 7 | F53: =D53*E53 -> 0
A54: 3.1.3.2.3 | B54: Cotovelo de 45º | F54: =D54*E54 -> 0
A55: 3.1.3.2.3.1 | B55: DN 160 | C55: Un | D55: 4 | F55: =D55*E55 -> 0
A56: 3.1.3.2.3.2 | B56: DN 110 | C56: Un | D56: 1 | F56: =D56*E56 -> 0
A57: 3.1.3.2.4 | B57: Cotovelo de 90º | F57: =D57*E57 -> 0
A58: 3.1.3.2.4.1 | B58: DN 50 | C58: Un | D58: 4 | F58: =D58*E58 -> 0
A59: 3.1.3.2.5 | B59: Tampas de extremidade | F59: =D59*E59 -> 0
A60: 3.1.3.2.5.1 | B60: DN 50 | C60: Un | D60: 4 | F60: =D60*E60 -> 0
A61: 3.1.3.2.6 | B61: Uniões Electrosoldadas | F61: =D61*E61 -> 0
A62: 3.1.3.2.6.1 | B62: DN 110 | C62: Un | D62: 11 | F62: =D62*E62 -> 0
A63: 3.1.3.2.6.2 | B63: DN 75 | C63: Un | D63: 5 | F63: =D63*E63 -> 0
A64: 3.1.3.2.6.3 | B64: DN 50 | C64: Un | D64: 11 | F64: =D64*E64 -> 0
A65: 3.1.3.3 | B65: Fornecimento e montagem de juntas flangeadas PEAD PE100 NP10 - STUBEND e flange, incluindo junta em EPDM de 5 mm de espessura, todos os trabalhos, materiais e acessórios necessários e complementares para a correta execução da tarefa.
A66: 3.1.3.3.1 | B66: DN 110 | C66: Un | D66: 21 | F66: =D66*E66 -> 0
A67: 3.1.3.3.2 | B67: DN 75 | C67: Un | D67: 6 | F67: =D67*E67 -> 0
A68: 3.1.3.3.3 | B68: DN 50 | C68: Un | D68: 20 | F68: =D68*E68 -> 0
A69: 3.1.3.4 | B69: Fornecimento e assentamento de flange de encaixe DCI com juntas travadas, NP 10, adequada para água potável, incluindo juntas e todos os acessórios necessários à montagem
A70: 3.1.3.4.1 | B70: DN 65/75 | C70: Un | D70: 2 | F70: =D70*E70 -> 0
A71: 3.1.3.4.2 | B71: DN 100/110 | C71: Un | D71: 9 | F71: =D71*E71 -> 0
A72: 3.1.3.5 | B72: Proteção da flange enterrada com fita de polietileno
A73: 3.1.3.5.1 | B73: DN 100 | C73: Un | D73: 21 | F73: =D73*E73 -> 0
A74: 3.1.3.5.2 | B74: DN 65 | C74: Un | D74: 6 | F74: =D74*E74 -> 0
A75: 3.1.3.5.3 | B75: DN 40 | C75: Un | D75: 20 | F75: =D75*E75 -> 0
A76: 3.1.3.6 | B76: Fornecimento e aplicação de betão C30/37 com adição de fibras de polipropileno (0,6 kg/m³), incluindo cofragem, escoramento e juntas de betão para proteção das tubagens, de acordo com o desenho de pormenor | C76: m3 | D76: 9.6653442 | F76: =D76*E76 -> 0
A77: 3.1.3.7 | B77: Fornecimento e colocação de fita de polietileno para sinalização de tubos, conforme descrito nos desenhos. | C77: m | D77: 1369.127 | F77: =D77*E77 -> 0
B78: Total de 3.1.3 | F78: =SUM(F37:F77) -> 0
A79: 3.1.4 | B79: Válvulas de cunha elástica
A80: 3.1.4.1 | B80: Fornecimento e montagem de válvulas de cunha elástica flangeada para funcionamento com montagem em T, em ferro fundido dúctil, NP10, incluindo caixa de superfície em ferro fundido, tubo de proteção em PVC de 4'', tampa da haste, bloco de betão maciço para ancoragem da válvula e colarinho de betão para caixa de superfície, adequado a zonas de tráfego, incluindo todos os trabalhos, materiais e acessórios necessários e complementares para a correta execução da tarefa.
A81: 3.1.4.1.1 | B81: DN 100 | C81: Un | D81: 6 | F81: =D81*E81 -> 0
A82: 3.1.4.1.2 | B82: DN 65 | C82: Un | D82: 2 | F82: =D82*E82 -> 0
A83: 3.1.4.1.3 | B83: DN 40 | C83: Un | D83: 10 | F83: =D83*E83 -> 0
B84: Total de 3.1.4 | F84: =SUM(F81:F83) -> 0
A85: 3.1.5 | B85: Ligações de Serviço
A86: 3.1.5.1 | B86: Ligações de serviço à rede interna de abastecimento de água do edifício
A87: 3.1.5.1.1 | B87: Remoção e substituição de pavimentos
A88: 3.1.5.1.1.1 | B88: Pavimento em terra batida
A89: 3.1.5.1.1.1.1 | B89: Levantamento e reposição do pavimento de terra batida nas condições existentes, na largura da vala, com 0,15m de espessura após compactação, incluindo espalhamento, regularização, rega e compactação em camadas de 0,15m de espessura, incluindo substituição da camada de fundação, e todos os trabalhos acessórios e transporte para aterro licenciado, até 30 km de distância. | C89: m2 | D89: 44.579931 | F89: =D89*E89 -> 0
A90: 3.1.5.1.1.2 | B90: Pavimentação em blocos de betão
A91: 3.1.5.1.1.2.1 | B91: Remoção de pavimento em blocos de betão para abertura de vala, considerando uma sobrelargura de 0,25m para cada lado da vala, incluindo lancis intersectados, seleção e transporte para armazenamento temporário dos materiais utilizáveis para posterior utilização e/ou transporte a destino final, até 30 km de distância, compatível com as exigências legais dos materiais sobrantes, e todos os trabalhos, materiais e acessórios necessários e complementares à correta execução da tarefa. | C91: m2 | D91: 58.759939 | F91: =D91*E91 -> 0
A92: 3.1.5.1.1.2.2 | B92: Execução de uma camada para assentamento dos blocos de betão, com 0,06m de espessura, no traço de 1/6 de cimento e brita ou pó de pedra, incluindo espalhamento, regularização e todos os trabalhos, materiais e acessórios necessários e complementares para a correta execução da tarefa. | C92: m2 | D92: 58.759939 | F92: =D92*E92 -> 0
A93: 3.1.5.1.1.2.3 | B93: Assentamento de blocos de betão para reposição do pavimento no estado em que se encontra, com juntas de separação entre 2 e 3 mm de espessura, incluindo enchimento das juntas com areia fina, seca e natural com granulometria entre 0 e 2 mm, assentamento de lancis interceptados, fornecimento de todos os materiais para substituição do inutilizado e todos os trabalhos, materiais e acessórios necessários e complementares para a correta execução da tarefa. | C93: m2 | D93: 58.759939 | F93: =D93*E93 -> 0
A94: 3.1.5.1.1.3 | B94: Pavimento em betão
A95: 3.1.5.1.1.3.1 | B95: Remoção de pavimento de betão em passeios para abertura de vala, considerando uma sobre-largura de 0,25m de cada lado da vala, incluindo lancis intersectados, seleção e transporte para armazenamento temporário de materiais utilizáveis para posterior utilização e/ou transporte a destino final, até 30 km de distância, compatível com as exigências legais dos materiais sobrantes, e todos os trabalhos, materiais e acessórios necessários e complementares para a correta execução da tarefa. | C95: m2 | D95: 7.5790084 | F95: =D95*E95 -> 0
A96: 3.1.5.1.1.3.2 | B96: Colocação de pavimento em betão para repor o pavimento no estado em que se encontrava, incluindo cortes a efetuar para ajustes, reenchimento de juntas com areia fina, seca, siliciosa, com granulometria entre 0 e 2 mm, colocação de lancis interceptados, fornecimento de todos os materiais para substituição do inutilizado e todos os trabalhos, materiais e acessórios necessários e complementares para a correta execução da tarefa. | C96: m2 | D96: 7.5790084 | F96: =D96*E96 -> 0
A97: 3.1.5.1.1.4 | B97: Pavimento em betão betuminoso
A98: 3.1.5.1.1.4.1 | B98: Remoção de pavimento betuminoso para abertura de vala, com corte e arranque em toda a largura da vala e uma faixa adicional de 0,25m de cada lado do topo da vala, incluindo remoção, carga, transporte e descarga dos produtos sobrantes para aterro licenciado, até 30 km de distância, e todos os trabalhos, materiais e meios necessários e complementares | C98: m2 | D98: 31.677653 | F98: =D98*E98 -> 0
A99: 3.1.5.1.1.4.2 | B99: Substituição de pavimento betuminoso com preparação, nivelamento e compactação da caixa de pavimento, em toda a largura da vala e uma faixa adicional de 0,25m de cada lado do topo da vala; rega de impregnação; execução de pavimento betuminoso, incluindo todos os trabalhos complementares de substituição das camadas de regularização em betão betuminoso (Binder), com espessura igual à existente com um mínimo de 0.05m (após compactação); rega de ligação; camada de desgaste em betão betuminoso a quente com agregado de basalto, com espessura igual à existente com um mínimo de 0,04m (após compactação); substituição de guias, carris, sinalização vertical e horizontal, pintura; e todos os trabalhos, materiais e meios necessários e complementares | C99: m2 | D99: 31.677653 | F99: =D99*E99 -> 0
A100: 3.1.5.1.2 | B100: Terraplanagens
...

Sheet 3.2
A1: DESCRIÇÃO | C1: UNIDADE | D1: QUANTIDADES | E1: PREÇO UNITARIO | F1: TOTAL
E2: (MZN) | F2: (MZN)
A3: 3 | B3: REDE DE DISTRIBUIÇÃO DE ÁGUA
A4: 3.2 | B4: CHAMANCULO-B/D/Xipamanine (Rua da UFA, Rua Marcelino dos Santos)
B5: ObservaçõesTodos os trabalhos descritos neste Mapa de Quantidades deverão ser executados de acordo com os Desenhos e Especificações que fazem parte deste Projeto Detalhado, incluindo todos os trabalhos, materiais e acessórios necessários e complementares para a correta execução das tarefas.
A6: 3.2.1 | B6: Remoção e substituição de pavimentos
A7: 3.2.1.1 | B7: Pavimento em terra batida
A8: 3.2.1.1.1 | B8: Levantamento e reposição do pavimento de terra batida nas condições existentes, na largura da vala, com 0,15m de espessura após compactação, incluindo espalhamento, regularização, rega e compactação em camadas de 0,15m de espessura, incluindo substituição da camada de fundação, e todos os trabalhos acessórios e transporte para aterro licenciado, até 30 km de distância. | C8: m2 | D8: 21.61639 | F8: =D8*E8 -> 0
A9: 3.2.1.2 | B9: Pavimentação em blocos de betão
A10: 3.2.1.2.1 | B10: Remoção de pavimento em blocos de betão para abertura de vala, considerando uma sobrelargura de 0,25m para cada lado da vala, incluindo lancis intersectados, seleção e transporte para armazenamento temporário dos materiais utilizáveis para posterior utilização e/ou transporte a destino final, até 30 km de distância, compatível com as exigências legais dos materiais sobrantes, e todos os trabalhos, materiais e acessórios necessários e complementares à correta execução da tarefa. | C10: m2 | D10: 169.56645 | F10: =D10*E10 -> 0
A11: 3.2.1.2.2 | B11: Execução de uma camada para assentamento dos blocos de betão, com 0,06m de espessura, no traço de 1/6 de cimento e brita ou pó de pedra, incluindo espalhamento, regularização e todos os trabalhos, materiais e acessórios necessários e complementares para a correta execução da tarefa. | C11: m2 | D11: 169.56645 | F11: =D11*E11 -> 0
A12: 3.2.1.2.3 | B12: Assentamento de blocos de betão para reposição do pavimento no estado em que se encontra, com juntas de separação entre 2 e 3 mm de espessura, incluindo enchimento das juntas com areia fina, seca e natural com granulometria entre 0 e 2 mm, assentamento de lancis interceptados, fornecimento de todos os materiais para substituição do inutilizado e todos os trabalhos, materiais e acessórios necessários e complementares para a correta execução da tarefa. | C12: m2 | D12: 169.56645 | F12: =D12*E12 -> 0
A13: 3.2.1.3 | B13: Pavimento em betão
A14: 3.2.1.3.1 | B14: Remoção de pavimento de betão em passeios para abertura de vala, considerando uma sobre-largura de 0,25m de cada lado da vala, incluindo lancis intersectados, seleção e transporte para armazenamento temporário de materiais utilizáveis para posterior utilização e/ou transporte a destino final, até 30 km de distância, compatível com as exigências legais dos materiais sobrantes, e todos os trabalhos, materiais e acessórios necessários e complementares para a correta execução da tarefa. | C14: m2 | D14: 438.798 | F14: =D14*E14 -> 0
A15: 3.2.1.3.2 | B15: Colocação de pavimento em betão para repor o pavimento no estado em que se encontrava, incluindo cortes a efetuar para ajustes, reenchimento de juntas com areia fina, seca, siliciosa, com granulometria entre 0 e 2 mm, colocação de lancis interceptados, fornecimento de todos os materiais para substituição do inutilizado e todos os trabalhos, materiais e acessórios necessários e complementares para a correta execução da tarefa. | C15: m2 | D15: 438.798 | F15: =D15*E15 -> 0
B16: Total de 3.2.1 | F16: =SUM(F8:F15) -> 0
A17: 3.2.2 | B17: Terraplanagens
A18: 3.2.2.1 | B18: Escavação de qualquer tipo de solo, com recurso a ferramentas e equipamentos mecânicos adequados, incluindo larguras adicionais, demolição (incluindo remoção de tubagens existentes, demolição e aterro de câmaras existentes para descomissionamento), rebaixamento de lençol freático se necessário, contenção e suporte necessários à perfeita estabilização das valas, escavações, taludes e edifícios vizinhos, reparação e relocalização de infra-estruturas subterrâneas existentes interceptadas, remoção de tubagem existente, compactação mecânica do solo da fundação a um mínimo de 95% do ensaio Proctor modificado (CBR≥5%), e todos os trabalhos, materiais e acessórios necessários e complementares para a correta execução da tarefa.
A19: 3.2.2.1.1 | B19: Escavação em areia ou solo mole
A20: 3.2.2.1.1.1 | B20: Profundidade 0,00 ≤ H < 1,00 | C20: m3 | D20: 988.96495 | F20: =D20*E20 -> 0
A21: 3.2.2.1.1.2 | B21: Profundidade 1,00 ≤ H < 2,00 | C21: m3 | D21: 168.94075 | F21: =D21*E21 -> 0
A22: 3.2.2.1.2 | B22: Escavação em rocha ou solo duro
A23: 3.2.2.1.2.1 | B23: Profundidade 0,00 ≤ H < 1,00 | C23: m3 | D23: 109.88499 | F23: =D23*E23 -> 0
A24: 3.2.2.1.2.2 | B24: Profundidade 1,00 ≤ H < 2,00 | C24: m3 | D24: 23.037376 | F24: =D24*E24 -> 0
A25: 3.2.2.2 | B25: Fornecimento e aplicação de areia ou brita para regularização da vala e do leito de assentamento da tubagem, incluindo rega e compactação a 95% do ensaio Proctor Modificado e todos os trabalhos e materiais necessários e complementares. | C25: m3 | D25: 109.88499 | F25: =D25*E25 -> 0
A26: 3.2.2.3 | B26: Fornecimento e aplicação de areia ou brita, para enchimento da camada de proteção, incluindo baldeação e compactação até 95% de compactação do ensaio Proctor Modificado, com recurso a equipamento que não danifique a tubagem, aplicada sobre a cama de assentamento até 0,30m acima da cota superior exterior da tubagem. | C26: m3 | D26: 402.39448 | F26: =D26*E26 -> 0
A27: 3.2.2.4 | B27: Execução de aterro até às cotas de projeto, regado e compactado em camadas de 0,20m de espessura, com materiais selecionados provenientes de escavação local ou de aterro importado, incluindo regularização e estabilização de taludes, compactação mecânica da fundação a um mínimo de 95% do ensaio Proctor modificado (CBR≥5%), e todos os trabalhos, materiais e acessórios necessários e complementares à correta execução da tarefa. | C27: m3 | D27: 769.19496 | F27: =D27*E27 -> 0
A28: 3.2.2.5 | B28: Carga, transporte e descarga em destino final, até 30 km de distância, compatível com as exigências legais dos restantes materiais de escavação, incluindo todos os trabalhos, materiais e acessórios necessários e complementares à correta execução da tarefa. | C28: m3 | D28: 521.63311 | F28: =D28*E28 -> 0
B29: Total de 3.2.2 | F29: =SUM(F20:F28) -> 0
A30: 3.2.3 | B30: Tubagens e acessórios
A31: 3.2.3.1 | B31: Fornecimento, montagem e assentamento de tubagem em PEAD PE100 NP10 adequada a água potável, incluindo juntas electrosoldadas, desinfeção, ensaios, todos os trabalhos, materiais e acessórios necessários e complementares à boa execução da tarefa.
A32: 3.2.3.1.1 | B32: DN110 | C32: m | D32: 739.835 | F32: =D32*E32 -> 0
A33: 3.2.3.1.2 | B33: DN63 | C33: m | D33: 9.93 | F33: =D33*E33 -> 0
A34: 3.2.3.1.3 | B34: DN50 | C34: m | D34: 1167.2 | F34: =D34*E34 -> 0
A35: 3.2.3.2 | B35: Fornecimento e montagem de acessórios PEAD PE100 NP10 adequados para água potável, incluindo juntas electrosoldadas, desinfeção, ensaios, todos os trabalhos, materiais e acessórios necessários e complementares para a correta execução da tarefa.
A36: 3.2.3.2.1 | B36: Tê simples e de redução | F36: =D36*E36 -> 0
A37: 3.2.3.2.1.1 | B37: DN 110x110 | C37: Un | D37: 15 | F37: =D37*E37 -> 0
A38: 3.2.3.2.1.2 | B38: DN 110x63 | C38: Un | D38: 3 | F38: =D38*E38 -> 0
A39: 3.2.3.2.1.3 | B39: DN 50x50 | C39: Un | D39: 2 | F39: =D39*E39 -> 0
A40: 3.2.3.2.2 | B40: Redutores concêntricos | F40: =D40*E40 -> 0
A41: 3.2.3.2.2.1 | B41: DN 110X63 | C41: Un | D41: 13 | F41: =D41*E41 -> 0
A42: 3.2.3.2.2.2 | B42: DN 63X50 | C42: Un | D42: 18 | F42: =D42*E42 -> 0
A43: 3.2.3.2.3 | B43: Cotovelo de 45º | F43: =D43*E43 -> 0
A44: 3.2.3.2.3.1 | B44: DN 110 | C44: Un | D44: 8 | F44: =D44*E44 -> 0
A45: 3.2.3.2.3.2 | B45: DN 63 | C45: Un | D45: 1 | F45: =D45*E45 -> 0
A46: 3.2.3.2.3.3 | B46: DN 50 | C46: Un | D46: 3 | F46: =D46*E46 -> 0
A47: 3.2.3.2.4 | B47: Cotovelo de 90º | F47: =D47*E47 -> 0
A48: 3.2.3.2.4.1 | B48: DN 110 | C48: Un | D48: 1 | F48: =D48*E48 -> 0
A49: 3.2.3.2.4.2 | B49: DN 63 | C49: Un | D49: 1 | F49: =D49*E49 -> 0
A50: 3.2.3.2.4.3 | B50: DN 50 | C50: Un | D50: 1 | F50: =D50*E50 -> 0
A51: 3.2.3.2.5 | B51: Tampas de extremidade | F51: =D51*E51 -> 0
A52: 3.2.3.2.5.1 | B52: DN 50 | C52: Un | D52: 3 | F52: =D52*E52 -> 0
A53: 3.2.3.2.6 | B53: Uniões Electrosoldadas | F53: =D53*E53 -> 0
A54: 3.2.3.2.6.1 | B54: DN 110 | C54: Un | D54: 24 | F54: =D54*E54 -> 0
A55: 3.2.3.2.6.2 | B55: DN 63 | C55: Un | D55: 6 | F55: =D55*E55 -> 0
A56: 3.2.3.2.6.3 | B56: DN 50 | C56: Un | D56: 3 | F56: =D56*E56 -> 0
A57: 3.2.3.3 | B57: Fornecimento e montagem de juntas flangeadas PEAD PE100 NP10 - STUBEND e flange, incluindo junta em EPDM de 5 mm de espessura, todos os trabalhos, materiais e acessórios necessários e complementares para a correta execução da tarefa.
A58: 3.2.3.3.1 | B58: DN 110 | C58: Un | D58: 26 | F58: =D58*E58 -> 0
A59: 3.2.3.3.2 | B59: DN 63 | C59: Un | D59: 24 | F59: =D59*E59 -> 0
A60: 3.2.3.4 | B60: Fornecimento e assentamento de flange de encaixe DCI com juntas travadas, NP 10, adequada para água potável, incluindo juntas e todos os acessórios necessários à montagem
A61: 3.2.3.4.1 | B61: DN 100/110 | C61: Un | D61: 10 | F61: =D61*E61 -> 0
A62: 3.2.3.4.2 | B62: DN 50/50 | C62: Un | D62: 12 | F62: =D62*E62 -> 0
A63: 3.2.3.5 | B63: Proteção da flange enterrada com fita de polietileno | F63: =D63*E63 -> 0
A64: 3.2.3.5.1 | B64: DN 100 | C64: Un | D64: 26 | F64: =D64*E64 -> 0
A65: 3.2.3.5.2 | B65: DN 50 | C65: Un | D65: 25 | F65: =D65*E65 -> 0
A66: 3.2.3.6 | B66: Fornecimento e aplicação de betão C30/37 com adição de fibras de polipropileno (0,6 kg/m³), incluindo cofragem, escoramento e juntas de betão para proteção das tubagens, de acordo com o desenho de pormenor | C66: m3 | D66: 12.965155 | F66: =D66*E66 -> 0
A67: 3.2.3.7 | B67: Fornecimento e colocação de fita de polietileno para sinalização de tubos, conforme descrito nos desenhos. | C67: m | D67: 1916.965 | F67: =D67*E67 -> 0
B68: Total de 3.2.3 | F68: =SUM(F32:F67) -> 0
A69: 3.2.4 | B69: Válvulas de cunha elástica
A70: 3.2.4.1 | B70: Fornecimento e montagem de válvulas de cunha elástica flangeada para funcionamento com montagem em T, em ferro fundido dúctil, NP10, incluindo caixa de superfície em ferro fundido, tubo de proteção em PVC de 4'', tampa da haste, bloco de betão maciço para ancoragem da válvula e colarinho de betão para caixa de superfície, adequado a zonas de tráfego, incluindo todos os trabalhos, materiais e acessórios necessários e complementares para a correta execução da tarefa.
A71: 3.2.4.1.1 | B71: DN 100 | C71: Un | D71: 11 | F71: =D71*E71 -> 0
A72: 3.2.4.1.2 | B72: DN 50 | C72: Un | D72: 12 | F72: =D72*E72 -> 0
B73: Total de 3.2.4 | F73: =SUM(F71:F72) -> 0
A74: 3.2.5 | B74: Ligações de Serviço
A75: 3.2.5.1 | B75: Substituição dos ramais de ligação afectados pelas obras da nova rede de distribuição de água
A76: 3.2.5.1.1 | B76: Remoção e substituição de pavimentos
A77: 3.2.5.1.1.1 | B77: Pavimento em terra batida
A78: 3.2.5.1.1.1.1 | B78: Levantamento e reposição do pavimento de terra batida nas condições existentes, na largura da vala, com 0,15m de espessura após compactação, incluindo espalhamento, regularização, rega e compactação em camadas de 0,15m de espessura, incluindo substituição da camada de fundação, e todos os trabalhos acessórios e transporte para aterro licenciado, até 30 km de distância. | C78: m2 | D78: 8.5021053 | F78: =D78*E78 -> 0
A79: 3.2.5.1.1.2 | B79: Pavimentação em blocos de betão
A80: 3.2.5.1.1.2.1 | B80: Remoção de pavimento em blocos de betão para abertura de vala, considerando uma sobrelargura de 0,25m para cada lado da vala, incluindo lancis intersectados, seleção e transporte para armazenamento temporário dos materiais utilizáveis para posterior utilização e/ou transporte a destino final, até 30 km de distância, compatível com as exigências legais dos materiais sobrantes, e todos os trabalhos, materiais e acessórios necessários e complementares à correta execução da tarefa. | C80: m2 | D80: 35.850012 | F80: =D80*E80 -> 0
A81: 3.2.5.1.1.2.2 | B81: Execução de uma camada para assentamento dos blocos de betão, com 0,06m de espessura, no traço de 1/6 de cimento e brita ou pó de pedra, incluindo espalhamento, regularização e todos os trabalhos, materiais e acessórios necessários e complementares para a correta execução da tarefa. | C81: m2 | D81: 35.850012 | F81: =D81*E81 -> 0
A82: 3.2.5.1.1.2.3 | B82: Assentamento de blocos de betão para reposição do pavimento no estado em que se encontra, com juntas de separação entre 2 e 3 mm de espessura, incluindo enchimento das juntas com areia fina, seca e natural com granulometria entre 0 e 2 mm, assentamento de lancis interceptados, fornecimento de todos os materiais para substituição do inutilizado e todos os trabalhos, materiais e acessórios necessários e complementares para a correta execução da tarefa. | C82: m2 | D82: 35.850012 | F82: =D82*E82 -> 0
A83: 3.2.5.1.1.3 | B83: Pavimento em betão
A84: 3.2.5.1.1.3.1 | B84: Remoção de pavimento de betão em passeios para abertura de vala, considerando uma sobre-largura de 0,25m de cada lado da vala, incluindo lancis intersectados, seleção e transporte para armazenamento temporário de materiais utilizáveis para posterior utilização e/ou transporte a destino final, até 30 km de distância, compatível com as exigências legais dos materiais sobrantes, e todos os trabalhos, materiais e acessórios necessários e complementares para a correta execução da tarefa. | C84: m2 | D84: 166.78768 | F84: =D84*E84 -> 0
A85: 3.2.5.1.1.3.2 | B85: Colocação de pavimento em betão para repor o pavimento no estado em que se encontrava, incluindo cortes a efetuar para ajustes, reenchimento de juntas com areia fina, seca, siliciosa, com granulometria entre 0 e 2 mm, colocação de lancis interceptados, fornecimento de todos os materiais para substituição do inutilizado e todos os trabalhos, materiais e acessórios necessários e complementares para a correta execução da tarefa. | C85: m2 | D85: 166.78768 | F85: =D85*E85 -> 0
A86: 3.2.5.1.2 | B86: Terraplanagens
A87: 3.2.5.1.2.1 | B87: Escavação, Profundidade 0,00 ≤ H < 1.00m, com recurso a ferramentas e equipamentos mecânicos adequados, incluindo larguras adicionais, demolições (incluindo remoção de tubagens existentes, demolição e aterro de câmaras existentes para descomissionamento), rebaixamento de lençol freático se necessário, contenção e apoios necessários à perfeita estabilização das valas, escavações, taludes e construções vizinhas, reparação e relocalização das infra-estruturas subterrâneas existentes interceptadas, compactação mecânica do solo da fundação a um mínimo de 95% do ensaio Proctor modificado (CBR≥5%), e todos os trabalhos, materiais e acessórios necessários e complementares para a correta execução da tarefa (incluindo remoção de tubagens existentes, demolição e reaterro das câmaras existentes a descomissionar). | C87: m3 | D87: 490.21875 | F87: =D87*E87 -> 0
A88: 3.2.5.1.2.2 | B88: Fornecimento e aplicação de areia ou brita para regularização da vala e do leito de assentamento da tubagem, incluindo rega e compactação a 95% do ensaio Proctor Modificado e todos os trabalhos e materiais necessários e complementares. | C88: m3 | D88: 43.575 | F88: =D88*E88 -> 0
A89: 3.2.5.1.2.3 | B89: Fornecimento e aplicação de areia ou brita, para enchimento da camada de proteção, incluindo baldeação e compactação até 95% de compactação do ensaio Proctor Modificado, com recurso a equipamento que não danifique a tubagem, aplicada sobre a cama de assentamento até 0,30m acima da cota superior exterior da tubagem. | C89: m3 | D89: 141.21132 | F89: =D89*E89 -> 0
A90: 3.2.5.1.2.4 | B90: Execução de aterro até às cotas de projeto, regado e compactado em camadas de 0,20m de espessura, com materiais selecionados provenientes de escavação local ou de aterro importado, incluindo regularização e estabilização de taludes, compactação mecânica da fundação a um mínimo de 95% do ensaio Proctor modificado (CBR≥5%), e todos os trabalhos, materiais e acessórios necessários e complementares à correta execução da tarefa. | C90: m3 | D90: 305.42997 | F90: =D90*E90 -> 0
A91: 3.2.5.1.2.5 | B91: Carga, transporte e descarga em destino final, até 30 km de distância, compatível com as exigências legais dos restantes materiais de escavação, incluindo todos os trabalhos, materiais e acessórios necessários e complementares à correta execução da tarefa. | C91: m3 | D91: 184.78878 | F91: =D91*E91 -> 0
A92: 3.2.5.1.3 | B92: Tubagens e acessórios
A93: 3.2.5.1.3.1 | B93: Fornecimento, montagem e assentamento de tubagem PEAD - PE80 DN 25 L= 10 m (estimativa), sela PEAD, curvas e ligações adequadas para água potável, incluindo juntas de electrofusão, desinfeção, ensaios, fornecimento e colocação de fita de polietileno para sinalização da tubagem, todos os trabalhos, materiais e acessórios necessários e complementares para a correta execução da tarefa, conforme DesenhoAA.06 | C93: Un | D93: 166 | F93: =D93*E93 -> 0
B94: Total de 3.2.5.1 | F94: =SUM(F78:F93) -> 0
B95: Total de 3.2.5 | F95: =F94 -> 0
A96: 3.2.6 | B96: Outros
A97: 3.2.6.1 | B97: Remoção de troços de tubagem da rede de distribuição existente, em fibrocimento (o armazenamento e transporte de qualquer resíduo de amianto deve obedecer à legislação em vigor, prevendo a plastificação dos materiais e a sua adequada rotulagem), incluindo a remoção e reposição do pavimento nas condições existentes e terraplanagens, quando necessário, manuseamento e transporte para local de descarga da licença, até 30 km de distância, de todos os materiais remanescentes (por estimativa), remoção de quaisquer equipamentos e acessórios existentes no alinhamento das tubagens removidas, tamponamento das tubagens desactivadas não removidas, e todos os trabalhos e materiais necessários e complementares à correta execução da tarefa
A98: 3.2.6.1.1 | B98: DN 100 | C98: m | D98: 65.5 | F98: =D98*E98 -> 0
A99: 3.2.6.2 | B99: Remoção de troços de tubagem da rede de distribuição existente, em tubo de PVC, incluindo a remoção e reposição do pavimento para o repor nas condições existentes e terraplenagens, quando necessário, manuseamento e transporte para local de descarga licenciado, até 30 km de distância, de todos os materiais remanescentes (por estimativa), remoção de eventuais equipamentos e acessórios existentes no alinhamento das tubagens removidas, tamponamento das tubagens desactivadas não removidas, e todos os trabalhos e materiais necessários e complementares ou a correta execução da tarefa
A100: 3.2.6.2.1 | B100: DN 100 | C100: m | D100: 665.05 | F100: =D100*E100 -> 0
...

Sheet 3.3
A1: DESCRIÇÃO | C1: UNIDADE | D1: QUANTIDADES | E1: PREÇO UNITARIO | F1: TOTAL
E2: (MZN) | F2: (MZN)
A3: 3 | B3: REDE DE DISTRIBUIÇÃO DE ÁGUA
A4: 3.3 | B4: MALANGA MACRO (Av. do Trabalho, Rua 2019)
B5: ObservaçõesTodos os trabalhos descritos neste Mapa de Quantidades deverão ser executados de acordo com os Desenhos e Especificações que fazem parte deste Projeto Detalhado, incluindo todos os trabalhos, materiais e acessórios necessários e complementares para a correta execução das tarefas.
A6: 3.3.1 | B6: Ligações de Serviço
A7: 3.3.1.1 | B7: Substituição dos ramais de ligação afectados pelas obras da nova rede de drenagem
A8: 3.3.1.1.1 | B8: Remoção e substituição de pavimentos
A9: 3.3.1.1.1.1 | B9: Pavimento em betão
A10: 3.3.1.1.1.1.1 | B10: Remoção de pavimento de betão em passeios para abertura de vala, considerando uma sobre-largura de 0,25m de cada lado da vala, incluindo lancis intersectados, seleção e transporte para armazenamento temporário de materiais utilizáveis para posterior utilização e/ou transporte a destino final, até 30 km de distância, compatível com as exigências legais dos materiais sobrantes, e todos os trabalhos, materiais e acessórios necessários e complementares para a correta execução da tarefa. | C10: m2 | D10: 70.875 | F10: =D10*E10 -> 0
A11: 3.3.1.1.1.1.2 | B11: Colocação de pavimento em betão para repor o pavimento no estado em que se encontrava, incluindo cortes a efetuar para ajustes, reenchimento de juntas com areia fina, seca, siliciosa, com granulometria entre 0 e 2 mm, colocação de lancis interceptados, fornecimento de todos os materiais para substituição do inutilizado e todos os trabalhos, materiais e acessórios necessários e complementares para a correta execução da tarefa. | C11: m2 | D11: 70.875 | F11: =D11*E11 -> 0
A12: 3.3.1.1.2 | B12: Terraplanagens
A13: 3.3.1.1.2.1 | B13: Escavação, Profundidade 0,00 ≤ H < 1.00m, com recurso a ferramentas e equipamentos mecânicos adequados, incluindo larguras adicionais, demolições (incluindo remoção de tubagens existentes, demolição e aterro de câmaras existentes para descomissionamento), rebaixamento de lençol freático se necessário, contenção e apoios necessários à perfeita estabilização das valas, escavações, taludes e construções vizinhas, reparação e relocalização das infra-estruturas subterrâneas existentes interceptadas, compactação mecânica do solo da fundação a um mínimo de 95% do ensaio Proctor modificado (CBR≥5%), e todos os trabalhos, materiais e acessórios necessários e complementares para a correta execução da tarefa (incluindo remoção de tubagens existentes, demolição e reaterro das câmaras existentes a descomissionar). | C13: m3 | D13: 79.734375 | F13: =D13*E13 -> 0
A14: 3.3.1.1.2.2 | B14: Fornecimento e aplicação de areia ou brita para regularização da vala e do leito de assentamento da tubagem, incluindo rega e compactação a 95% do ensaio Proctor Modificado e todos os trabalhos e materiais necessários e complementares. | C14: m3 | D14: 7.0875 | F14: =D14*E14 -> 0
A15: 3.3.1.1.2.3 | B15: Fornecimento e aplicação de areia ou brita, para enchimento da camada de proteção, incluindo baldeação e compactação até 95% de compactação do ensaio Proctor Modificado, com recurso a equipamento que não danifique a tubagem, aplicada sobre a cama de assentamento até 0,30m acima da cota superior exterior da tubagem. | C15: m3 | D15: 22.968107 | F15: =D15*E15 -> 0
A16: 3.3.1.1.2.4 | B16: Execução de aterro até às cotas de projeto, regado e compactado em camadas de 0,20m de espessura, com materiais selecionados provenientes de escavação local ou de aterro importado, incluindo regularização e estabilização de taludes, compactação mecânica da fundação a um mínimo de 95% do ensaio Proctor modificado (CBR≥5%), e todos os trabalhos, materiais e acessórios necessários e complementares à correta execução da tarefa. | C16: m3 | D16: 49.676314 | F16: =D16*E16 -> 0
A17: 3.3.1.1.2.5 | B17: Carga, transporte e descarga em destino final, até 30 km de distância, compatível com as exigências legais dos restantes materiais de escavação, incluindo todos os trabalhos, materiais e acessórios necessários e complementares à correta execução da tarefa. | C17: m3 | D17: 30.058061 | F17: =D17*E17 -> 0
A18: 3.3.1.1.3 | B18: Tubagens e acessórios
A19: 3.3.1.1.3.1 | B19: Fornecimento, montagem e assentamento de tubagem PEAD - PE80 DN 25 L= 10 m (estimativa), sela PEAD, curvas e ligações adequadas para água potável, incluindo juntas de electrofusão, desinfeção, ensaios, fornecimento e colocação de fita de polietileno para sinalização da tubagem, todos os trabalhos, materiais e acessórios necessários e complementares para a correta execução da tarefa, conforme DesenhoAA.06 | C19: Un | D19: 27 | F19: =D19*E19 -> 0
B20: Total de 3.3.1 | F20: =SUM(F10:F19) -> 0
B21: Total de 3.3 | F21: =F20 -> 0

Sheet 4.1
A1: DESCRIÇÃO | C1: UNIDADE | D1: QUANTIDADES | E1: PREÇO UNITARIO | F1: TOTAL
E2: (MZN) | F2: (MZN)
A3: 4 | B3: ESTRADAS E CAMINHOS
A4: 4.1 | B4: CHAMANCULO-A (Av. Trabalho, Rua 2333, Rua Estácio Dias, Rua 2253)
B5: ObservaçõesTodos os trabalhos descritos neste Mapa de Quantidades deverão ser executados de acordo com os Desenhos e Especificações que fazem parte deste Projeto Detalhado, incluindo todos os trabalhos, materiais e acessórios necessários e complementares para a correta execução das tarefas.
A6: 4.1.1 | 1500 | B6: ACOMODAÇÃO DE TRÁFEGO
A7: 15.03 | B7: Meios temporários de controlo de tráfego:
A8: PS15.03 | B8: (a) Sinaleiros | C8: VG | D8: 1 | F8: =D8*E8 -> 0
B9: (b) Sinais portáteis de STOP e SIGA (GO) | C9: Un | D9: 2 | F9: =D9*E9 -> 0
B10: (d) Lâmpadas de luz amarela Intermitente | C10: Un | D10: 6 | F10: =D10*E10 -> 0
B11: (e) Sinais de trânsito, Série R, 1 200 mm de diâmetro | C11: Un | D11: 6 | F11: =D11*E11 -> 0
B12: (f) Sinais de trânsito, série TW, (900 mm) | C12: Un | D12: 6 | F12: =D12*E12 -> 0
B13: (g) Sinais de trânsito, séries STW-, DTG-, TGS- e TG (excluindo delineadores e barricadas) | C13: m² | D13: 0
B14: (h) Delineadores (TW401 150x600mm) | F14: =D14*E14 -> 0
B15: (1) Simples | C15: Un | D15: 20 | F15: =D15*E15 -> 0
B16: (2) Montados costas com costas | C16: Un | D16: 20 | F16: =D16*E16 -> 0
B17: (i) Combinação de Barreiras móvel/sinal de estrada (1,2 m) | C17: Un | D17: 4 | F17: =D17*E17 -> 0
B18: (j) Cones de trânsito (750 mm) | C18: VG | D18: 1 | F18: =D18*E18 -> 0
B19: (k) Guarda-corpos simples fixados a um poste | C19: m³ | F19: =D19*E19 -> 0
B20: (l) Barreiras móveis | C20: m | D20: 0 | F20: =D20*E20 -> 0
B21: (m) Dispositivos de comunicação bidirecional | C21: Un | D21: 0 | F21: =D21*E21 -> 0
A22: 15.05 | B22: Aplicação de camada de desgaste em material granular e reparação de desvios:
B23: (a) Desvios temporários | C23: m³ | D23: 10 | F23: =D23*E23 -> 0
A24: 15.06 | B24: Rega dos desvios temporários | C24: kl | D24: 50 | F24: =D24*E24 -> 0
A25: 15.07 | B25: Regularização de desvios e de estradas existentes usadas como desvios, por motoniveladora: | F25: =D25*E25 -> 0
A26: B15.14 | B26: Tiras de fita reflectora auto-adesiva branca ou âmbar com 200 mm x 100 mm | C26: Un | D26: 10 | F26: =D26*E26 -> 0
A27: B15.15 | B27: Sinais de aviso para veículos e equipamento de segurança para o pessoal de supervisão
B28: (a) Luz âmbar rotativa (potência mínima de 55 W) | C28: Un | D28: 4 | F28: =D28*E28 -> 0
B29: (b) Sinais de aviso magnéticos (75 mm de altura da letra) | C29: Un | D29: 0 | F29: =D29*E29 -> 0
B30: (c) Coletes de segurança Dayglo | C30: Un | D30: 10 | F30: =D30*E30 -> 0
B31: Total de 4.1.1|1500 | F31: =SUM(F8:F30) -> 0
A32: 1700 | B32: DESMATAÇÃO E LIMPEZA
A33: 17.01 | B33: Desmatação e limpeza | C33: ha | D33: 0.2 | F33: =D33*E33 -> 0
A34: B17.02 | B34: Remoção e limpeza de árvores e cepos de grande porte:
B35: Perímetro excedendo 1,0 m e até 2 m inclusive | C35: Un. | D35: 2 | F35: =D35*E35 -> 0
B36: Total de 4.1.2|1700 | F36: =SUM(F33:F35) -> 0
A37: 2300 | B37: LANCIS EM BETÃO, CALEIRAS E VALETAS EM BETÃO, DESCIDAS DE ÁGUA DE SECÇÃO ABERTA EM BETÃO E REVESTIMENTOS EM BETÃO PARA CANAIS ABERTOS
A39: 23.01 | B39: Lancil de betão (classe 15/25)
B40: (a) Tipo fig. 7 SABS | C40: m | D40: 770 | F40: =D40*E40 -> 0
B41: Total de 4.1.3|2300 | F41: =F40 -> 0
A42: 2500 | B42: ENROCAMENTO, ALVENARIA DE PEDRA E PROTECÇÃO CONTRA EROSÃO
A43: 25.04 | B43: Protecção em betão e pavimento de blocos:
B44: (b) Protecção betonada in situ (classe de betão e espessura da protecção indicadas) | C44: m² | D44: 515.5 | F44: =D44*E44 -> 0
B45: (b) Pavimento de blocos (tipo e espessura indicados) metro quadrado | C45: m² | D45: 1069.5 | F45: =D45*E45 -> 0
A46: 25.05 | B46: Vigas de contenção marginais de betão :
B47: (a) Classe 30/19 | C47: m³ | D47: 4 | F47: =D47*E47 -> 0
A48: 25.06 | B48: Fornecimento de herbicida e veneno contra formigas:
B49: (a) Fornecimento de materiais | C49: Soma dos custos de aquisição | D49: 1 | F49: =D49*E49 -> 0
B50: (b) Custos do Empreiteiro e lucro acrescentado ao custo de aquisição | C50: % | D50: 0.1 | F50: =D50*E50 -> 0
A51: 25.07 | B51: Valas de fundação | C51: m³ | D51: 42 | F51: =D51*E51 -> 0
B52: Total de 4.1.4|2500 | F52: =SUM(F44:F51) -> 0
A53: 3300 | B53: Movimento de terras (Terraplenagens)
A54: B33.01 | B54: Escavação e empréstimo para aterro, incluindo transporte até 1 km:
B55: (a) Material granular em camada compactada com espessura de 200 mm ou menos:
B56: (2) Compactado a 95% da densidade AASHTO modificada (G7) | C56: m³ | D56: 19.94 | F56: =D56*E56 -> 0
B57: (c) Aterro com material rochoso (tal como especificado na Sub-cláusula 3209(c)) | C57: m³ | D57: 2 | F57: =D57*E57 -> 0
B58: (e) Camada pioneira | C58: m³ | D58: 2 | F58: =D58*E58 -> 0
A59: B33.04 | B59: Escavação e transporte a vazadouro, incluindo transporte até 0,5 km. Material obtido de:
B60: (a) Escavação em material mole | C60: m³ | D60: 473.24 | F60: =D60*E60 -> 0
A61: B33.07 | B61: Remoção de material inadequado (incluindo transporte gratuito até 1,0 km): | F61: =D61*E61 -> 0
B62: (a) Em camadas com espessura até 200 mm: | F62: =D62*E62 -> 0
A63: 33.09 | B63: Execução de um cordão de material, com motoniveladora | C63: m³ | D63: 73 | F63: =D63*E63 -> 0
A64: 33,10 | B64: Preparação da fundação da estrada e compactação do material: | F64: =D64*E64 -> 0
B65: (b) Compactação a 93% da densidade AASHTO modificada | C65: m³ | D65: 127.52 | F65: =D65*E65 -> 0
A66: 33.11 | B66: Compactação com três passagens de cilindro:
B67: (a) Cilindro vibrador | C67: m² | D67: 16088 | F67: =D67*E67 -> 0
B68: (c) Cilindro de impacto | C68: m² | D68: 1585 | F68: =D68*E68 -> 0
A69: 33.13 | B69: Acabamento dos taludes de escavação e aterro, áreas dos separadores e dos nós rodoviários:
B70: (a) Taludes de escavação | C70: m² | D70: 50 | F70: =D70*E70 -> 0
B71: (b) Taludes de aterro | C71: m² | D71: 50 | F71: =D71*E71 -> 0
A72: 33/1600 | B72: 1600: REVISÃO
A73: 33/16,02 | B73: Revisão de material transportado para além de 1,0 km (revisão ordinária) (extra sobre os pontos 33.01, 33.04) | C73: m³ - km | D73: 9460 | F73: =D73*E73 -> 0
B74: Total de 4.1.5|3300 | F74: =SUM(F56:F73) -> 0
A75: 3400 | B75: CAMADAS DE PAVIMENTO EM MATERIAL GRANULAR
A76: B34.01 | B76: Camadas de pavimento construídas com material granular proveniente de escavações ou empréstimos, incluindo transporte até 1.0 km:
B77: (a) Leito do pavimento / Camada seleccionada em material granular compactada a:
B78: (c) Sub-base em material granular (material granular não estabilizado) compactado a:
B79: (ii) 97% da densidade AASHTO modificada (especificar espessura da camada compactada) | C79: m³ | D79: 237.75 | F79: =D79*E79 -> 0
B80: (d) Sub-base em material granular (material estabilizado quimicamente) compactadoa:
B81: (iii)97% da densidade AASHTO modificada (especificar a espessura da camada compactada)) | C81: m³ | D81: 237.75 | F81: =D81*E81 -> 0
B82: Total de 4.1.6|3400 | F82: =SUM(F79:F81) -> 0
A83: 34/1600 | B83: 1600: REVISÃO
A84: 34/16,02 | B84: Revisão de material transportado para além de 1,0 km (revisão ordinária) (extra sobre os pontos 34,01) | C84: m³ - km | D84: 9520 | F84: =D84*E84 -> 0
B85: Total de 4.1.7|34/1600 | F85: =F84 -> 0
A86: 54 | B86: SINALIZAÇÕES
A87: 54.01 | B87: Painéis de sinalização rodoviária com fundo pintado ou colorido. Símbolos, letras e orlas em material retro-reflector da Classe 1, quando o painel é construído com:
B88: (c) Chapa de aço galvanizado pré-pintado (chromadek 1,6 mm de espessura ou equivalente aprovado):
B89: (1) Área não superior a 2 m² | C89: m² | D89: 5 | F89: =D89*E89 -> 0
B90: (2) Área superior a 2 m² mas não superior a 10 m² | C90: m² | D90: 6.26 | F90: =D90*E90 -> 0
B91: (3) Superfície superior a 10 m² | C91: m² | D91: 0 | F91: =D91*E91 -> 0
A92: 54.02 | B92: Extras além do Item 54.01 pelo uso de:
B93: (a) Fundo de material retro-reflector da: | D93: 0 | F93: =D93*E93 -> 0
B94: (1)Material de engenharia | C94: m² | D94: 0 | F94: =D94*E94 -> 0
B95: (b) Letras, símbolos e orlas de material retro-reflector de:
B96: (1) Grau de alta intensidade | C96: m² | D96: 5 | F96: =D96*E96 -> 0
A97: 54.03 | B97: Suportes de sinais rodoviários : | D97: 0 | F97: =D97*E97 -> 0
B98: (b) Tubos de aço | C98: t | D98: 0.5 | F98: =D98*E98 -> 0
A99: 54.04 | B99: Escavação e enchimento para suportes de sinais rodoviários | C99: m³ | D99: 0 | F99: =D99*E99 -> 0
A100: 54.05 | B100: Suplemento ao ponto 54.04 para o aterro em solo tratado com cimento | C100: m³ | D100: 0 | F100: =D100*E100 -> 0
B101: Total de 4.1.8|5400 | F101: =SUM(F89:F100) -> 0
...

Sheet 4.2
A1: DESCRIÇÃO | C1: UNIDADE | D1: QUANTIDADES | E1: PREÇO UNITARIO | F1: TOTAL
E2: (MZN) | F2: (MZN)
A3: 4 | B3: ESTRADAS E CAMINHOS
A4: 4.2 | B4: CHAMANCULO-B (RUA DA UFA)
B5: Observações Todos os trabalhos descritos neste Mapa de Quantidades deverão ser executados de acordo com os Desenhos e Especificações que fazem parte deste Projeto de Execução, incluindo todos os trabalhos, materiais e acessórios necessários e complementares para a correta execução das tarefas.
A6: 4.2.1 | 1500 | B6: ACOMODAÇÃO DE TRÁFEGO
A7: 15.03 | B7: Meios temporários de controlo de tráfego:
A8: PS15.03 | B8: (a) Sinaleiros | C8: VG | D8: 1 | F8: =D8*E8 -> 0
B9: (b) Sinais portáteis de STOP e SIGA (GO) | C9: Un | D9: 5 | F9: =D9*E9 -> 0
B10: (d) Lâmpadas de luz amarela Intermitente | C10: Un | D10: 4 | F10: =D10*E10 -> 0
B11: (e) Sinais de trânsito, Série R, 1 200 mm de diâmetro | C11: Un | D11: 4 | F11: =D11*E11 -> 0
B12: (f) Sinais de trânsito, série TW, (900 mm) | C12: Un | D12: 4 | F12: =D12*E12 -> 0
B13: (g) Sinais de trânsito, séries STW-, DTG-, TGS- e TG (excluindo delineadores e barricadas) | C13: m² | D13: 0 | F13: =D13*E13 -> 0
B14: (h) Delineadores (TW401 150x600mm)
B15: (1) Simples | C15: Un | D15: 12 | F15: =D15*E15 -> 0
B16: (2) Montados costas com costas | C16: Un | D16: 12 | F16: =D16*E16 -> 0
B17: (i) Combinação de Barreiras móvel/sinal de estrada (1,2 m) | C17: Un | D17: 3 | F17: =D17*E17 -> 0
B18: (j) Cones de trânsito (750 mm) | C18: VG | D18: 1 | F18: =D18*E18 -> 0
B19: (k) Guarda-corpos simples fixados a um poste | C19: m³ | F19: =D19*E19 -> 0
B20: (l) Barreiras móveis | C20: m | D20: 0 | F20: =D20*E20 -> 0
B21: (m) Dispositivos de comunicação bidirecional | C21: Un | D21: 0 | F21: =D21*E21 -> 0
A22: 15.05 | B22: Aplicação de camada de desgaste em material granular e reparação de desvios:
B23: (a) Desvios temporários | C23: m³ | D23: 19 | F23: =D23*E23 -> 0
A24: 15.06 | B24: Rega dos desvios temporários | C24: kl | D24: 56 | F24: =D24*E24 -> 0
A25: 15.07 | B25: Regularização de desvios e de estradas existentes usadas como desvios, por motoniveladora: | F25: =D25*E25 -> 0
A26: B15.14 | B26: Tiras de fita reflectora auto-adesiva branca ou âmbar com 200 mm x 100 mm | C26: Un | D26: 14 | F26: =D26*E26 -> 0
A27: B15.15 | B27: Sinais de aviso para veículos e equipamento de segurança para o pessoal de supervisão
B28: (a) Luz âmbar rotativa (potência mínima de 55 W) | C28: Un | D28: 3 | F28: =D28*E28 -> 0
B29: (b) Sinais de aviso magnéticos (75 mm de altura da letra) | C29: Un | D29: 0 | F29: =D29*E29 -> 0
B30: (c) Coletes de segurança Dayglo | C30: Un | D30: 7 | F30: =D30*E30 -> 0
B31: Total de 4.2.1|1500 | F31: =SUM(F8:F30) -> 0
A32: 1700 | B32: DESMATAÇÃO E LIMPEZA
A33: 17.01 | B33: Desmatação e limpeza | C33: ha | D33: 2 | F33: =D33*E33 -> 0
A34: B17.02 | B34: Remoção e limpeza de árvores e cepos de grande porte:
B35: Perímetro excedendo 1,0 m e até 2 m inclusive | C35: Un. | D35: 1 | F35: =D35*E35 -> 0
B36: Total de 4.2.2|1700 | F36: =SUM(F33:F35) -> 0
A37: 2300 | B37: LANCIS EM BETÃO, CALEIRAS E VALETAS EM BETÃO, DESCIDAS DE ÁGUA DE SECÇÃO ABERTA EM BETÃO E REVESTIMENTOS EM BETÃO PARA CANAIS ABERTOS
A39: 23.01 | B39: Lancil de betão (classe 15/25)
B40: (a) Tipo fig. 7 SABS | C40: m | D40: 3804 | F40: =D40*E40 -> 0
B41: Total de 4.2.3|2300 | F41: =F40 -> 0
A42: 2500 | B42: ENROCAMENTO, ALVENARIA DE PEDRA E PROTECÇÃO CONTRA EROSÃO
A43: 25.04 | B43: Protecção em betão e pavimento de blocos:
B44: (a) Pavimento de blocos 35MPa, (80 mm de espessura) | C44: m² | D44: 8423 | F44: =D44*E44 -> 0
A45: 25.05 | B45: Vigas de contenção marginais de betão :
B46: (a) Classe 30/19 | C46: m³ | D46: 3 | F46: =D46*E46 -> 0
A47: 25.06 | B47: Fornecimento de herbicida e veneno contra formigas:
B48: (a) Fornecimento de materiais | C48: Soma dos custos de aquisição | D48: 2 | F48: =D48*E48 -> 0
B49: (b) Custos do Empreiteiro e lucro acrescentado ao custo de aquisição | C49: % | D49: 0 | F49: =D49*E49 -> 0
A50: 25.07 | B50: Valas de fundação | C50: m³ | D50: 10 | F50: =D50*E50 -> 0
B51: Total de 4.2.4|2500 | F51: =SUM(F44:F50) -> 0
A52: 3300 | B52: Movimento de terras (Terraplenagens)
A53: B33.01 | B53: Escavação e empréstimo para aterro, incluindo transporte até 1 km:
B54: (a) Material granular em camada compactada com espessura de 200 mm ou menos:
B55: (2) Compactado a 95% da densidade AASHTO modificada (G7) | C55: m³ | D55: 714 | F55: =D55*E55 -> 0
B56: (c) Aterro com material rochoso (tal como especificado na Sub-cláusula 3209(c)) | C56: m³ | D56: 24 | F56: =D56*E56 -> 0
B57: (e) Camada pioneira | C57: m³ | D57: 94 | F57: =D57*E57 -> 0
A58: B33.04 | B58: Escavação e transporte a vazadouro, incluindo transporte até 0,5 km. Material obtido de:
B59: (a) Escavação em material mole | C59: m³ | D59: 846 | F59: =D59*E59 -> 0
A60: B33.07 | B60: Remoção de material inadequado (incluindo transporte gratuito até 1,0 km):
B61: (a) Em camadas com espessura até 200 mm:
A62: 33.09 | B62: Execução de um cordão de material, com motoniveladora | C62: m³ | D62: 94 | F62: =D62*E62 -> 0
A63: 33,10 | B63: Preparação da fundação da estrada e compactação do material:
B64: (b) Compactação a 93% da densidade AASHTO modificada | C64: m³ | D64: 1362 | F64: =D64*E64 -> 0
A65: 33.11 | B65: Compactação com três passagens de cilindro:
B66: (a) Cilindro vibrador | C66: m² | D66: 4073 | F66: =D66*E66 -> 0
B67: (c) Cilindro de impacto | C67: m² | D67: 894 | F67: =D67*E67 -> 0
A68: 33.13 | B68: Acabamento dos taludes de escavação e aterro, áreas dos separadores e dos nós rodoviários:
B69: (a) Taludes de escavação | C69: m² | D69: 20 | F69: =D69*E69 -> 0
B70: (b) Taludes de aterro | C70: m² | D70: 20 | F70: =D70*E70 -> 0
A71: 33/1600 | B71: 1600: REVISÃO
A72: 33/16,02 | B72: Revisão de material transportado para além de 1,0 km (revisão ordinária) (extra sobre os pontos 33.01, 33.04) | C72: m³ - km | D72: 15275 | F72: =D72*E72 -> 0
B73: Total de 4.2.5|3300 | F73: =SUM(F55:F72) -> 0
A74: 34 | B74: CAMADAS DE PAVIMENTO EM MATERIAL GRANULAR
A75: B34.01 | B75: Camadas de pavimento construídas com material granular proveniente de escavações ou empréstimos, incluindo transporte até 1.0 km:
B76: (a) Leito do pavimento / Camada seleccionada em material granular compactada a:
B77: (c) Sub-base em material granular (material granular não estabilizado) compactado a:
B78: (ii) 97% da densidade AASHTO modificada (especificar espessura da camada compactada) | C78: m³ | D78: 648 | F78: =D78*E78 -> 0
B79: (d) Sub-base em material granular (material estabilizado quimicamente) compactadoa:
B80: (iii)97% da densidade AASHTO modificada (especificar a espessura da camada compactada)) | C80: m³ | D80: 681 | F80: =D80*E80 -> 0
B81: Total de 4.2.6|3400 | F81: =SUM(F78:F80) -> 0
A82: 34/1600 | B82: 1600: REVISÃO
A83: 34/16,02 | B83: Revisão de material transportado para além de 1,0 km (revisão ordinária) (extra sobre os pontos 34,01) | C83: m³ - km | D83: 26583 | F83: =D83*E83 -> 0
B84: Total de 4.2.7|34/1600 | F84: =F83 -> 0
A85: 54 | B85: SINALIZAÇÃO RODOVIÁRIA
A86: 54.01 | B86: Painéis de sinalização rodoviária com fundo pintado ou colorido. Símbolos, letras e orlas em material retro-reflector da Classe 1, quando o painel é construído com:
B87: (c) Chapa de aço galvanizado pré-pintado (chromadek 1,6 mm de espessura ou equivalente aprovado):
B88: (1) Área não superior a 2 m² | C88: m² | D88: 3 | F88: =D88*E88 -> 0
B89: (2) Área superior a 2 m² mas não superior a 10 m² | C89: m² | D89: 4 | F89: =D89*E89 -> 0
A90: 54.02 | B90: Suplemento ao ponto 54.01 para utilização:
B91: (a) Fundo de material retrorreflector de:
B92: (1)Material de engenharia | C92: m² | D92: 1 | F92: =D92*E92 -> 0
B93: (b) Letras, símbolos, números, setas, emblemas e bordos de material retrorreflector:
B94: (1) Grau de alta intensidade | C94: m² | D94: 1 | F94: =D94*E94 -> 0
A95: 54.03 | B95: Suportes de sinais rodoviários :
B96: (b) Tubos de aço | C96: t | D96: 1 | F96: =D96*E96 -> 0
A97: 54.04 | B97: Escavação e enchimento para suportes de sinais rodoviários | C97: m³ | D97: 0 | F97: =D97*E97 -> 0
A98: 54.05 | B98: Suplemento ao ponto 54.04 para o aterro em solo tratado com cimento | C98: m³ | D98: 0 | F98: =D98*E98 -> 0
B99: Total de 4.2.8|5400 | F99: =SUM(F88:F98) -> 0
A100: 5500 | B100: MARCAS RODOVIÁRIAS
A102: 55.01 | B102: Pintura de marcas rodoviárias:
...

Sheet 5.1
A1: DESCRIÇÃO | C1: UNIDADE | D1: QUANTIDADES | E1: PREÇO UNITARIO | F1: TOTAL
E2: (MZN) | F2: (MZN)
A3: 5 | B3: ILUMINAÇÃO PÚBLICA
A4: 5.1 | B4: CHAMANCULO-A (Av. Trabalho, Rua 2333, Rua Estácio Dias, Rua 2253)
B5: ObservaçõesTodos os trabalhos descritos neste Mapa de Quantidades deverão ser executados de acordo com os Desenhos e Especificações que fazem parte deste Projeto Detalhado, incluindo todos os trabalhos, materiais e acessórios necessários e complementares para a correta execução das tarefas.
A6: 5.1.1 | B6: ILUMINAÇÃO SOLAR CHAMANCULO A (Rua 2253) (*)
A7: 5.1.1.1 | B7: Fornecimento, conjunto de armadura (ISL-80-93-825) 80W SOLAR SOLAR DE 80W C/W 93W PV, painel 12.8V/65AH BATT. & PI, com todos os todos os acessórios, fixações e ligações necessárias, de acordo com os desenhos que compõem o projeto. (*) | C7: un | D7: 8 | F7: =D7*E7 -> 0
A8: 5.1.1.1.1 | B8: Fornecimento, montagem de poste de aço galvanizado de 7,55 metros para enterrar no maciço do poste com uma profundidade de 1,65m e todos os acessórios, fixações e ligações necessárias, de acordo com as peças desenhadas que compõem o projeto. (*) | C8: un | D8: 8 | F8: =D8*E8 -> 0
A9: 5.1.1.1.1.1 | B9: Construção em betão maciço c25/30 c/1.654 x 1,0 x 1,0, incluindo escavação, escoramento de aterro, cofragem de acordo com as peças desenhadas. (*) | C9: un | D9: 8 | F9: =D9*E9 -> 0
B10: TOTAL DE 5.1.1 | F10: =SUM(F7:F9) -> 0
A11: 5.1.2 | B11: ILUMINAÇÃO SOLAR CHAMANCULO A (Rua Estácio Dias)
A12: 5.1.2.1 | B12: Fornecimento, conjunto de armadura (ISL-80-93-825) 80W SOLAR SOLAR DE 80W C/W 93W PV, painel 12.8V/65AH BATT. & PI, com todos os todos os acessórios, fixações e ligações necessárias, de acordo com os desenhos que compõem o projeto. | C12: un | D12: 6 | F12: =D12*E12 -> 0
A13: 5.1.2.1.1 | B13: Fornecimento, montagem de poste de aço galvanizado de 7,55 metros para enterrar no maciço do poste com uma profundidade de 1,65m e todos os acessórios, fixações e ligações necessárias, de acordo com as peças desenhadas que compõem o projeto. | C13: un | D13: 6 | F13: =D13*E13 -> 0
A14: 5.1.2.1.1.1 | B14: Construção em betão maciço c25/30 c/1.654 x 1,0 x 1,0, incluindo escavação, escoramento de aterro, cofragem de acordo com as peças projectadas. | C14: un | D14: 6 | F14: =D14*E14 -> 0
B15: TOTAL DE 5.1.2 | F15: =SUM(F12:F14) -> 0
A16: 5.1.3 | B16: ILUMINAÇÃO SOLAR BAIRRO DE CHAMANCULO A (Rua 2333)
A17: 5.1.3.1 | B17: Fornecimento, conjunto de armadura (ISL-80-93-825) 80W SOLAR SOLAR DE 80W C/W 93W PV, painel 12.8V/65AH BATT. & PI, com todos os todos os acessórios, fixações e ligações necessárias, de acordo com os desenhos que compõem o projeto. | C17: un | D17: 13 | F17: =D17*E17 -> 0
A18: 5.1.3.1.1 | B18: Fornecimento, montagem de poste de aço galvanizado de 7,55 metros para enterrar no maciço do poste com uma profundidade de 1,65m e todos os acessórios, fixações e ligações necessárias, de acordo com as peças desenhadas que compõem o projeto. | C18: un | D18: 13 | F18: =D18*E18 -> 0
A19: 5.1.3.1.1.1 | B19: Construção em betão maciço c25/30 c/1.654 x 1,0 x 1,0, incluindo escavação, escoramento de aterro, cofragem de acordo com as peças projectadas. | C19: un | D19: 13 | F19: =D19*E19 -> 0
B20: Total de 5.1.3 | F20: =SUM(F17:F19) -> 0
B21: TOTAL DE 5.1 | F21: =F20+F15+F10 -> 0
A22: (*) A Rua 2253 será iluminada por postes da rede eléctrica EDM contratada no âmbito Projetos Quick Wins

Sheet 5.2
A1: DESCRIÇÃO | C1: UNIDADE | D1: QUANTIDADES | E1: PREÇO UNITARIO | F1: TOTAL
E2: (MZN) | F2: (MZN)
A3: 5 | B3: ILUMINAÇÃO PÚBLICA
A4: 5.2 | B4: CHAMANCULO-B/D/Xipamanine (Rua da UFA, Rua Marcelino dos Santos)
B5: ObservaçõesTodos os trabalhos descritos neste Mapa de Quantidades deverão ser executados de acordo com os Desenhos e Especificações que fazem parte deste Projeto Detalhado, incluindo todos os trabalhos, materiais e acessórios necessários e complementares para a correta execução das tarefas.
A6: 5.2.1 | B6: ILUMINAÇÃO SOLAR CHAMANCULO B - RUA UNIÃO FABRIL MOÇAMBICANA (U.F.A)
A7: 5.2.1.1 | B7: Fornecimento, conjunto de armadura (ISL-80-93-825) 80W SOLAR SOLAR DE 80W C/W 93W PV, painel 12.8V/65AH BATT. & PI, com todos os todos os acessórios, fixações e ligações necessárias, de acordo com os desenhos que compõem o projeto. | C7: un | D7: 15 | F7: =D7*E7 -> 0
A8: 5.2.1.1.1 | B8: Fornecimento, montagem de poste de aço galvanizado de 7,55 metros para enterrar no maciço do poste com uma profundidade de 1,65m e todos os acessórios, fixações e ligações necessárias de acordo com as peças desenhadas que compõem o projeto. | C8: un | D8: 15 | F8: =D8*E8 -> 0
A9: 5.2.1.1.1.1 | B9: Construção em betão maciço c25/30 c/1.654 x 1,0 x 1,0, incluindo escavação, escoramento de aterro, cofragem de acordo com as peças projectadas. | C9: un | D9: 15 | F9: =D9*E9 -> 0
B10: TOTAL DE 5.2 | F10: =SUM(F7:F9) -> 0

Sheet 6.1a6.3
A1: DESCRIÇÃO | C1: UNIDADE | D1: QUANTIDADES | E1: PREÇO UNITARIO | F1: TOTAL
E2: (MZN) | F2: (MZN)
A3: 6 | B3: RECOLHA DE RESÍDUOS SÓLIDOS
B4: ObservaçõesTodos os trabalhos descritos neste Mapa de Quantidades deverão ser executados de acordo com os Desenhos e Especificações que fazem parte deste Projeto Detalhado, incluindo todos os trabalhos, materiais e acessórios necessários e complementares para a correta execução das tarefas.
A5: 6.1 | B5: CHAMANCULO-A (Av. Trabalho, Rua 2333, Rua Estácio Dias, Rua 2253)
A6: 6.1.1 | B6: Rua 2253
A7: 6.1.1.1 | B7: Fornecimento e montagem de papeleiras (705x425x1170mm) com 50 litros, com boca pequena e cor cinzaenta, fabricados em PEAD, resistentes ao calor, aos raios UV e aos produtos químicos, fáceis de transportar e instalar em postes, pilares e paredes; fechadura com chave triangular | C7: Un | D7: 4 | F7: =D7*E7 -> 0
B8: TOTAL DE 6.1.1 | F8: =F7 -> 0
A9: 6.1.2 | B9: Rua Estácio Dias
A10: 6.1.2.1 | B10: Fornecimento e montagem de papeleiras (705x425x1170mm) com 50 litros, com boca pequena e cor cinzenta, fabricados em PEAD, resistentes ao calor, aos raios UV e aos produtos químicos, fáceis de transportar e instalar em postes, pilares e paredes; fechadura com chave triangular | C10: Un | D10: 12 | F10: =D10*E10 -> 0
B11: TOTAL DE 6.1.2 | F11: =F10 -> 0
A12: 6.1.3 | B12: Rua 2333
A13: 6.1.3.1 | B13: Fornecimento e montagem de papeleiras (705x425x1170mm) com 50 litros, com boca pequena e cor cinzenta, fabricados em PEAD, resistentes ao calor, aos raios UV e aos produtos químicos, fáceis de transportar e instalar em postes, pilares e paredes; fechadura com chave triangular | C13: Un | D13: 8 | F13: =D13*E13 -> 0
B14: TOTAL DE 6.1.3 | F14: =F13 -> 0
B15: TOTAL DE 6.1 | F15: =F14+F11+F8 -> 0
A16: 6.2 | B16: CHAMANCULO-B/D/Xipamanine (Rua da UFA, Rua Marcelino dos Santos)
A17: 6.2.1 | B17: Chamanculo B - Rua União Fabril Moçambicana (U.F.A)
A18: 6.2.1.1 | B18: Fornecimento e montagem de papeleiras (705x425x1170mm) com 50 litros, com boca pequena e cor cinzenta, fabricados em PEAD, resistentes ao calor, aos raios UV e aos produtos químicos, fáceis de transportar e instalar em postes, pilares e paredes; fechadura com chave triangular | C18: Un | D18: 23 | F18: =D18*E18 -> 0
B19: TOTAL DE 6.2 | F19: =F18 -> 0
A20: 6.3 | B20: OBRAS COMPLEMENTARES NA RUA 2253 (BECÃO) PARA CONTROLO DA ENTRADA DE RESÍDUOS SÓLIDOS URBANOS NO SISTEMA DE DRENAGEM
A21: 6.3.1 | B21: Terraplanagens
A22: 6.3.1.1 | B22: Escavação de qualquer tipo de solo, com recurso a ferramentas e equipamentos mecânicos adequados, incluindo larguras adicionais, demolições (incluindo remoção de tubagens existentes, demolição e aterro de câmaras existentes para descomissionamento), rebaixamento de lençol freático se necessário, contenção e suporte necessários à perfeita estabilização das valas, escavações, taludes e construções vizinhas, reparação e relocalização de infra-estruturas subterrâneas existentes interceptadas, compactação mecânica do solo da fundação a um mínimo de 95% do ensaio Proctor modificado (CBR≥5%), e todos os trabalhos, materiais e acessórios necessários e complementares para a correta execução da tarefa. | C22: m³ | D22: 16.42 | F22: =D22*E22 -> 0
A23: 6.3.1.2 | B23: Execução de aterro até às cotas de projeto, regado e compactado em camadas de 0,20m de espessura, com materiais selecionados provenientes de escavação local ou de aterro importado, incluindo regularização e estabilização de taludes, compactação mecânica da fundação a um mínimo de 95% do ensaio Proctor modificado (CBR≥5%), e todos os trabalhos, materiais e acessórios necessários e complementares à correta execução da tarefa. | C23: m³ | D23: 0.72 | F23: =D23*E23 -> 0
A24: 6.3.1.3 | B24: Carga, transporte e descarga em destino final, até 30 km de distância, compatível com as exigências legais dos restantes materiais de escavação, incluindo todos os trabalhos, materiais e acessórios necessários e complementares à correta execução da tarefa. | C24: m³ | D24: 15.7 | F24: =D24*E24 -> 0
A25: 6.3.2 | B25: Estrutura em betão
A26: 6.3.2.1 | B26: Enrocamento de brita sob maciço, incluindo todos os trabalhos necessários e complementares | C26: m³ | D26: 8.06 | F26: =D26*E26 -> 0
A27: 6.3.2.2 | B27: Maciço de betão armado (betão classe C25/30 XC2, segundo a NP EN206 1:2007 e malha de aço soldada AQ30), ≥ 0,15 m de espessura, incluindo camada de regularização de 0,05 m, filme de separação em polietileno, formação de talude i=1% e todos os trabalhos necessários e complementares | C27: m² | D27: 40.6 | F27: =D27*E27 -> 0
A28: 6.3.2.3 | B28: Fornecimento e aplicação de betão de recobrimento classe C12/15, numa camada de 0,10 m | C28: m² | D28: 47.52 | F28: =D28*E28 -> 0
A29: 6.3.2.4 | B29: Betão armado classe de resistência C30/37 e classe de exposição XA2-XC4, de acordo com a NP EN206 1:2007, com armadura de aço classe A400 NR em barras e/ou malha, incluindo cofragem, escoramento, descofragem, bombagem, vibração mecânica, juntas de trabalho e betonagem sempre que necessário e execução de negativos e armaduras, na execução de sapatas de muros | C29: m³ | D29: 2.88 | F29: =D29*E29 -> 0
A30: 6.3.3 | B30: Parede de alvenaria
A31: 6.3.3.1 | B31: Fornecimento e assentamento de parede exterior simples em alvenaria de blocos de betão com 20cm de espessura, assente com argamassa de cimento na proporção 1:6, incluindo execução de vãos e respectivos lintéis, aplicação de peças de revestimento com dimensões adequadas ao preenchimento dos restantes espaços e todos os trabalhos necessários e complementares, numa parede acabada com 0,25m de espessura | C31: m² | D31: 15.12 | F31: =D31*E31 -> 0
A32: 6.3.3.2 | B32: Fornecimento e colocação de placa de poliestireno expandido (EPS) com 20mm de espessura, preenchendo a junta com a parede existente, incluindo selagem com mástique exterior e todos os trabalhos necessários e complementares | C32: m | D32: 2.1 | F32: =D32*E32 -> 0
A33: 6.3.4 | B33: Acabamentos
A34: 6.3.4.1 | B34: Pintura, reboco e estucagem com argamassa hidrofugada de cimento e areia na proporção 1:4, com 3 cm de espessura, incluindo a execução de alhetas, remates e molduras e todos os trabalhos necessários e complementares | C34: m² | D34: 34.18 | F34: =D34*E34 -> 0
A35: 6.3.4.2 | B35: Fornecimento e assentamento de ladrilhos cerâmicos de refugo, com várias cores, padrões e tamanhos, incluindo camadas de base e de assentamento, acabamentos, tratamento de juntas e todos os trabalhos necessários e complementares | C35: m² | D35: 15.81 | F35: =D35*E35 -> 0
A36: 6.3.4.3 | B36: Tinta acrílica de proteção contra a carbonatação, à base de resinas acrílicas em dispersão aquosa com acabamento mate, cor branca RAL 9010, incluindo preparação e regularização da superfície e todos os trabalhos necessários e complementares, de acordo com o mapa de acabamentos | C36: m² | D36: 18.37 | F36: =D36*E36 -> 0
A37: 6.3.5 | B37: Outros
A38: 6.3.5.1 | B38: Fornecimento e instalação de grelhas de drenagem para remoção de águas da plataforma impedindo a passagem de lixo para a vala de drenagem, compostas por varões de aço embutidos na parede, incluindo todos os materiais e trabalhos necessários e complementares | C38: m² | D38: 0.66 | F38: =D38*E38 -> 0
A39: 6.3.5.2 | B39: Fornecimento e instalação de pneus usados de várias dimensões e espessuras, pintados com tinta epoxy de várias cores, colocados em negativo no muro de alvenaria, incluindo todos os materiais e trabalhos necessários e complementares | C39: un | D39: 6 | F39: =D39*E39 -> 0
A40: 6.3.5.3 | B40: Fornecimento e instalação de lancil de segurança em betão pré-fabricado 35x35cm, incluindo argamassa de assentamento, acabamentos, tratamento de juntas e todos os trabalhos necessários e complementares | C40: m | D40: 12.4 | F40: =D40*E40 -> 0
A41: 6.3.5.4 | B41: Fornecimento e instalação de uma caleiras formada por meia manilha pré-fabricada de betão Ø200, sobre uma camada de betão de recobrimento, incluindo todos os trabalhos necessários e complementares | C41: m | D41: 5.8 | F41: =D41*E41 -> 0
B42: TOTAL DE 6.3 | F42: =SUM(F22:F41) -> 0

Sheet 7
A1: DESCRIÇÃO | C1: UNIDADE | D1: QUANTIDADES | E1: PREÇO UNITARIO | F1: TOTAL
E2: (MZN) | F2: (MZN)
A3: 7 | B3: VERBAS PROVISÓRIAS (O VALOR MÁXIMO ACUMULADO DESTES ITENS NÃO PODE EXCEDER 10% DO VALOR DA EMPREITADA)
B4: ObservaçõesTodas as reivindicações de soma provisória serão pagas na totalidade conforme especificado no Contrato. O Engenheiro dará instruções para a aquisição desses artigos a um fornecedor nomeado. O montante a pagar ao Empreiteiro indicará % de despesas gerais e de lucro. Os montantes serão utilizados de acordo com as instruções do Engenheiro e deduzidos na totalidade se não forem necessários.
A5: 7.1 | B5: IMPREVISTOS AO LONGO DA OBRA ( O VALOR MÁXIMO ACUMULADO DESTES ITENS NÃO PODE EXCEDER 6% DO VALOR DA EMPREITADA)
A6: 7.1.1 | B6: Contingências ao longo da obra que resultem em trabalhos adicionais não previstos no projeto e/ou na adoção de soluções variantes com custos suplementares à empreitada, as quais carecem da elaboração de Relatório Técnico justificativo por parte do empreiteiro e da aprovação pela Fiscalização, como condição para o respetivo pagamento. | C6: LS | D6: 1 | F6: =D6*E6 -> 0
A7: 7.1.2 | B7: Sempre que, de forma justificada e fundamentada, seja necessário interromper os trabalhos da obra, de forma geral, por motivos não previsíveis na fase de projeto ou de planeamento, não imputáveis ao empreiteiro, e quando não seja possível relocalizar as frentes de trabalho para outra zona da obra incluída no mesmo contrato, o empreiteiro terá direito ao pagamento do custo unitário máximo por dia de trabalho interrompido, desde que tal situação seja fundamentado e formalizado por Relatório Técnico justificativo e aprovado pela Fiscalização. Este direito exclui situações cobertas por seguros, por outras cláusulas de salvaguarda do contrato ou por eventos de força maior. | C7: dia | D7: 1 | F7: =D7*E7 -> 0
B8: TOTAL DE 7.1 | F8: =SUM(F6:F7) -> 0
A9: 7.2 | B9: CUSTO DE AQUISIÇÃO DE EQUIPAMENTO DE SAÚDE E SEGURANÇA PARA O PESSOAL DO EMPREGADOR E VISITANTES ( O VALOR MÁXIMO ACUMULADO DESTES ITENS NÃO PODE EXCEDER 1% DO VALOR DA EMPREITADA)
A10: 7.2.1 | B10: Custo de aquisição de equipamento de saúde e segurança para o pessoal do empregador e visitantes, incluindo capacete de proteção, luvas de proteção contra riscos mecânicos e físicos, botas de proteção contra riscos mecânicos e físicos, respeitando as normas aplicáveis. | C10: LS | D10: 1 | F10: =D10*E10 -> 0
B11: TOTAL DE 7.2 | F11: =SUM(F10:F10) -> 0
A12: 7.3 | B12: PREVER UM MONTANTE PROVISÓRIO PARA DIVERSOS ( O VALOR MÁXIMO ACUMULADO DESTES ITENS NÃO PODE EXCEDER 3% DO VALOR DA EMPREITADA)
A13: 7.3.1 | B13: Preparação e emissão de avisos públicos para interrupções de fornecimento de água, eletricidade ou estradas. | C13: LS | D13: 1 | F13: =D13*E13 -> 0
A14: 7.3.2 | B14: Preparação das cerimónias de lançamento do Projeto ao Público e de conclusão das obras (inaugurações). | C14: LS | D14: 1 | F14: =D14*E14 -> 0
B15: TOTAL DE 7.3 | F15: =SUM(F13:F14) -> 0
